 Dungeon Crawl Stone Soup version 0.31-a0-876-gfe8ebadbca (webtiles) character file.

Game seed: 16913383784828059114

12184361 Charly the Archmage (level 27, 266/266 HPs)
             Began as a Naga Earth Elementalist on Oct 13, 2023.
             Was the Champion of Cheibriados.
             Escaped with the Orb
             ... and 15 runes!
             The game lasted 05:56:47 (133451 turns).

Charly the Archmage (Naga Earth Elementalist)     Turns: 133451, Time: 05:56:47

Health: 266/266    AC: 31    Str: 23    XL:     27
Magic:  64/81      EV: 32    Int: 64    God:    Cheibriados [******]
Gold:   15263      SH: 24    Dex: 31    Spells: 0/80 levels left

rFire   + + +        a - staff "Faliy" {rElec rF+ Str-4 Int+2 Fire}
rCold   + + .        V - +5 kite shield {reflect}
rNeg    + + .        C - +2 robe of Distant Shores {Will+ Int+3}
rPois   +            e - +3 crown of Dyrovepreva {rElec Int+2 SInv}
rElec   +            Z - +0 cloak of Qasufey {MP+9 Int+2}
rCorr   .            z - +2 pair of gloves "Gyat" {rF+++ rC+ Dex+3 Stlth-}
SInv    +            P - +4 barding {rC+}
Will    ++++.        X - macabre finger necklace {Finger+ rN+}
Stlth   ++++         K - ring "Zufah" {rF+ rN+ MP+9 EV+5}
HPRegen 0.64/turn    F - ring "Umakuppi" {Wiz MP+9 Int+3 Dex-3 Stlth+}
MPRegen 0.47/turn    b - ring "Veiz" {rF+ Int+7 Dex+4}

%: reflection, wizardry (x1)
@: studying 6 skills, very slow
A: AC +9, large, see invisible, deformed body, poison resistance, slowness 2,
spit poison 1, naga tail 2, iridescent scales 2, clever 1
0: Orb of Zot
}: 15/15 runes: decaying, slimy, silver, golden, iron, obsidian, icy, bone,
abyssal, demonic, glowing, magical, fiery, dark, gossamer
a: Spit Poison, Renounce Religion, Bend Time, Temporal Distortion, Slouch, Step
From Time


You escaped.
You worshipped Cheibriados.
Cheibriados was exalted by your worship.
You visited 17 branches of the dungeon, and saw 87 of its levels.
You visited Pandemonium 2 times, and saw 15 of its levels.
You visited the Abyss 2 times.
You visited 1 ziggurat, and saw 20 of its levels.
You also visited: Ossuary, Bailey, Ice Cave, Volcano and Wizlab.

You collected 21528 gold pieces.
You spent 6265 gold pieces at shops.

Inventory:

Missiles
 N - 9 throwing nets
Armour
 e - the +3 crown of Dyrovepreva (worn) {rElec Int+2 SInv}
   (You found it on level 10 of a ziggurat)

   Int+2:     It affects your intelligence (+2).
   rElec:     It insulates you from electricity.
   SInv:      It lets you see invisible.
 u - the sphere of Battle
   (You found it on level 5 of the Pits of Slime)

   Battle:    It summons a battlesphere in combat, with strength depending on
   Conjurations skill.
   Destructive: It enhances your destructive magic, and weakens non-destructive
   magic.
 z - the +2 pair of gloves "Gyat" (worn) {rF+++ rC+ Dex+3 Stlth-}
   (You found it on level 5 of the Vaults)

   Dex+3:     It affects your dexterity (+3).
   rF+++:     It renders you almost immune to fire.
   rC+:       It protects you from cold.
   Stlth-:    It makes you less stealthy.
 C - the +2 robe of Distant Shores (worn) {Will+ Int+3}
   (You bought it in a shop on level 1 of the Vaults)

   Int+3:     It affects your intelligence (+3).
   Will+:     It increases your willpower.
 P - a +4 barding of cold resistance (worn)
 V - a +5 kite shield of reflection (worn)
 Z - the +0 cloak of Qasufey (worn) {MP+9 Int+2}
   (You acquired it on level 2 of the Spider Nest)

   Int+2:     It affects your intelligence (+2).
   MP+9:      It affects your magic capacity (+9).
Magical Staves
 a - the staff "Faliy" (weapon) {rElec rF+ Str-4 Int+2 Fire}
   (You found it in Pandemonium)

   [staff of fire]

   Base accuracy: +5 Base damage: 5 Base attack delay: 1.2 This weapon's minimum
   attack delay (0.6) is reached at skill level 12.
   Str-4:     It affects your strength (-4).
   Int+2:     It affects your intelligence (+2).
   rF+:       It protects you from fire.
   rElec:     It insulates you from electricity.
   Fire:      It increases the power of your Fire spells.
   It falls into the 'Staves' category.
   It is a one-handed weapon.
 q - the staff "Fazor" {+Blink rF+ rC++ SInv Fire}
   (You found it on level 3 of the Elven Halls)

   [staff of fire]

   Base accuracy: +5 Base damage: 5 Base attack delay: 1.2 This weapon's minimum
   attack delay (0.6) is reached at skill level 12.
   rF+:       It protects you from fire.
   rC++:      It greatly protects you from cold.
   SInv:      It lets you see invisible.
   +Blink:    It lets you blink.
   Fire:      It increases the power of your Fire spells.
   It falls into the 'Staves' category.
   It is a one-handed weapon.
 w - the staff "Xoomilevi" {rElec rF+ rC+ rCorr Ice}
   (You found it on level 5 of the Vaults)

   [staff of cold]

   Base accuracy: +5 Base damage: 5 Base attack delay: 1.2 This weapon's minimum
   attack delay (0.6) is reached at skill level 12.
   rF+:       It protects you from fire.
   rC+:       It protects you from cold.
   rElec:     It insulates you from electricity.
   rCorr:     It protects you from acid and corrosion.
   Ice:       It increases the power of your Ice spells.
   It falls into the 'Staves' category.
   It is a one-handed weapon.
Jewellery
 b - the ring "Veiz" (on amulet) {rF+ Int+7 Dex+4}
   (You found it on level 18 of a ziggurat)

   [ring of protection from fire]

   Int+7:     It affects your intelligence (+7).
   Dex+4:     It affects your dexterity (+4).
   rF+:       It protects you from fire.
 F - the ring "Umakuppi" (right hand) {Wiz MP+9 Int+3 Dex-3 Stlth+}
   (You found it on level 7 of Cocytus)

   [ring of wizardry]

   Wiz:       It improves your spell success rate.
   Int+3:     It affects your intelligence (+3).
   Dex-3:     It affects your dexterity (-3).
   MP+9:      It affects your magic capacity (+9).
   Stlth+:    It makes you more stealthy.
 K - the ring "Zufah" (left hand) {rF+ rN+ MP+9 EV+5}
   (You found it in an ice cave)

   [ring of evasion]

   EV+5:      It affects your evasion (+5).
   rF+:       It protects you from fire.
   rN+:       It protects you from negative energy.
   MP+9:      It affects your magic capacity (+9).
 O - the amulet "Jyitoihour" {Reflect rC+ Will+ Regen+ SH+5}
   (You found it on level 19 of a ziggurat)

   [amulet of reflection]

   Reflect:   It reflects blocked missile attacks.
   rC+:       It protects you from cold.
   Will+:     It increases your willpower.
   Regen+:    It increases your rate of health regeneration.
   SH+5:      It affects your SH (+5).
 X - the macabre finger necklace (around neck) {Finger+ rN+}
   (You found it on level 13 of a ziggurat)

   [amulet of nothing]

   Finger+:   It enables you to equip an extra ring.
   rN+:       It protects you from negative energy.
Wands
 D - a wand of mindburst (47)
 G - a wand of digging (65)
 M - a wand of iceblast (122)
 R - a wand of paralysis (106)
 S - a wand of light (36)
Scrolls
 h - 7 scrolls of enchant armour
 i - 16 scrolls of fog
 j - 7 scrolls of revelation
 k - 14 scrolls of immolation
 l - 38 scrolls of teleportation
 n - 2 scrolls of butterflies
 p - 9 scrolls of fear
 s - 13 scrolls of poison
 t - 5 scrolls of blinking
 A - 14 scrolls of vulnerability
 U - 4 scrolls of silence
Potions
 d - a potion of brilliance
 g - 22 potions of heal wounds
 o - 15 potions of mutation
 r - 7 potions of magic
 v - 5 potions of cancellation
 B - 6 potions of might
 E - 18 potions of enlightenment
 H - 10 potions of resistance
 I - 39 potions of curing
 J - 4 potions of invisibility
 L - 17 potions of ambrosia
 T - 9 potions of lignification
Miscellaneous
 c - a phial of floods
 f - a lightning rod (4/4)
 x - a figurine of a ziggurat
 y - a tin of tremorstones (2/2)
 Q - a sack of spiders
 W - a phantom mirror
 Y - the horn of Geryon


   Skills:
 + Level 19.2 Fighting
 + Level 17.8 Dodging
 O Level 27 Stealth
 + Level 20.5 Shields
 O Level 27 Spellcasting
 - Level 24.0 Conjurations
 - Level 20.0 Necromancy
 - Level 5.0 Translocations
 - Level 4.0 Transmutations
 - Level 23.0 Fire Magic
 - Level 20.0 Ice Magic
 - Level 25.0 Earth Magic
 + Level 21.6 Invocations
 + Level 16.7 Evocations


You couldn't memorise any spells.
You knew the following spells:

 Your Spells              Type           Power      Damage    Failure   Level
a - Apportation           Tloc           100%       N/A       0%          1
b - Blink                 Tloc           100%       N/A       0%          2
c - Borgnjor's Vile Clut  Necr/Erth      77%        N/A       0%          5
d - Dispersal             Tloc           50%        N/A       1%          6
i - Ignition              Fire           90%        3d23      1%          8
m - Sublimation of Blood  Necr           100%       N/A       0%          2
o - Ozocubu's Refrigerat  Ice            74%        4d23      0%          7
v - Polar Vortex          Ice            74%        12d9*     1%          9
z - Shatter               Erth           79%        3d58*     1%          9
D - Death's Door          Necr           74%        N/A       1%          9
F - Fire Storm            Conj/Fire      91%        8d23      1%          9
I - Irradiate             Conj/Tmut      66%        3d33      0%          5
R - Borgnjor's Revivific  Necr           74%        N/A       1%          8

Your spell library contained the following spells:

 Spells                   Type           Power      Damage    Failure   Level
 Foxfire                  Conj/Fire      100%       2x1d9     0%          1
 Freeze                   Ice            100%       1d10      0%          1
 Kiss of Death            Conj/Necr      100%       2d13      0%          1
 Magic Dart               Conj           100%       1d8       0%          1
 Necrotise                Necr           100%       1d9       0%          1
 Sandblast                Erth           100%       2d20      0%          1
 Shock                    Conj/Air       100%       1d9       0%          1
 Cigotuvi's Dreadful Rot  Necr/Pois/Air  100%       N/A       0%          2
 Ensorcelled Hibernation  Hex/Ice        100%       N/A       0%          2
 Lesser Beckoning         Tloc           100%       N/A       0%          2
 Momentum Strike          Conj/Tloc      100%       3d10      0%          2
 Passwall                 Tmut/Erth      100%       N/A       0%          2
 Scorch                   Fire           100%       2d9       0%          2
 Searing Ray              Conj           100%       2d8       0%          2
 Static Discharge         Conj/Air       100%       2-7/arc   0%          2
 Wereblood                Tmut           95%        N/A       0%          2
 Dazzling Flash           Conj/Hex       100%       N/A       0%          3
 Frozen Ramparts          Ice            100%       1d16      0%          3
 Hailstorm                Conj/Ice       100%       3d20      0%          3
 Ignite Poison            Fire/Tmut/Pois 100%       N/A       0%          3
 Inner Flame              Hex/Fire       100%       N/A       0%          3
 Mephitic Cloud           Conj/Pois/Air  100%       N/A       0%          3
 Ozocubu's Armour         Ice            100%       N/A       0%          3
 Stone Arrow              Conj/Erth      100%       3d13      0%          3
 Vampiric Draining        Necr           100%       2d13      0%          3
 Volatile Blastmotes      Fire/Tloc      100%       2d18      0%          3
 Anguish                  Hex/Necr       60%        N/A       0%          4
 Animate Armour           Summ/Erth      100%       N/A       0%          4
 Animate Dead             Necr           100%       N/A       0%          4
 Brom's Barrelling Bould  Conj/Erth      100%       2d11      0%          4
 Dispel Undead            Necr           100%       3d31      0%          4
 Flame Wave               Conj/Fire      100%       2d21      0%          4
 Fulminant Prism          Conj/Hex       63%        3d26      0%          4
 Iskenderun's Mystic Bla  Conj/Tloc      100%       2d19      0%          4
 Leda's Liquefaction      Hex/Erth       64%        N/A       0%          4
 Petrify                  Tmut/Erth      100%       N/A       0%          4
 Sticky Flame             Conj/Fire      100%       2d11      0%          4
 Summon Ice Beast         Ice/Summ       100%       N/A       0%          4
 Agony                    Necr           100%       N/A       0%          5
 Fireball                 Conj/Fire      91%        3d33      0%          5
 Freezing Cloud           Conj/Ice/Air   67%        6-21      0%          5
 Iskenderun's Battlesphe  Conj           100%       2d15      0%          5
 Lee's Rapid Deconstruct  Erth           79%        3d35*     0%          5
 Bombard                  Conj/Erth      79%        9d13      0%          6
 Death Channel            Necr           74%        N/A       0%          6
 Simulacrum               Ice/Necr       74%        N/A       0%          6
 Starburst                Conj/Fire      91%        6d23      0%          6
 Orb of Destruction       Conj           78%        9d18      0%          7
 Lehudib's Crystal Spear  Conj/Erth      79%        10d18     0%          8
 Slow                     Hex            100%       N/A       1%          1
 Summon Small Mammal      Summ           100%       N/A       1%          1
 Call Imp                 Summ           100%       N/A       1%          2
 Jinxbite                 Hex            100%       N/A       1%          2
 Poisonous Vapours        Pois/Air       100%       N/A       1%          2
 Call Canine Familiar     Summ           72%        N/A       1%          3
 Confusing Touch          Hex            72%        N/A       1%          3
 Gell's Gravitas          Tloc           100%       N/A       1%          3
 Sigil of Binding         Hex            72%        N/A       1%          3
 Summon Guardian Golem    Hex/Summ       72%        N/A       1%          3
 Swiftness                Air            72%        N/A       1%          3
 Teleport Other           Tloc           100%       N/A       1%          3
 Tukima's Dance           Hex            72%        N/A       1%          3
 Airstrike                Air            36%        2d(6-22)  1%          4
 Cause Fear               Hex            36%        N/A       1%          4
 Dimensional Bullseye     Hex/Tloc       43%        N/A       1%          4
 Manifold Assault         Tloc           100%       N/A       1%          4
 Olgreb's Toxic Radiance  Pois           72%        N/A       1%          4
 Passage of Golubria      Tloc           100%       N/A       1%          4
 Summon Lightning Spire   Summ/Air       72%        N/A       1%          4
 Alistair's Intoxication  Tmut/Pois      56%        N/A       1%          5
 Metabolic Englaciation   Hex/Ice        60%        N/A       1%          5
 Silence                  Hex/Air        36%        N/A       1%          5
 Summon Forest            Summ/Tloc      43%        N/A       1%          5
 Summon Mana Viper        Hex/Summ       72%        N/A       1%          5
 Yara's Violent Unravell  Hex/Tmut       42%        3d17      1%          5
 Conjure Ball Lightning   Conj/Air       63%        3x3d23    1%          6
 Eringya's Noxious Bog    Tmut/Pois      42%        4d6       1%          6
 Plasma Beam              Fire/Air       75%        2x1d92    1%          6
 Haunt                    Necr/Summ      60%        N/A       1%          7
 Spellforged Servitor     Conj/Summ      63%        N/A       1%          7
 Summon Cactus Giant      Summ           36%        N/A       4%          6
 Chain Lightning          Conj/Air       63%        3d84      21%         9
 Enfeeble                 Hex            36%        N/A       24%         7
 Monstrous Menagerie      Summ           36%        N/A       24%         7
 Summon Hydra             Summ           36%        N/A       24%         7
 Disjunction              Tloc           50%        N/A       24%         8
 Discord                  Hex            36%        N/A       86%         8
 Dragon's Call            Summ           36%        N/A       100%        9


Dungeon Overview and Level Annotations

Branches:
Dungeon (15/15)            Temple (0/1) D:7            Lair (5/5) D:11
  Swamp (4/4) Lair:3       Spider (4/4) Lair:3        Slime (5/5) Lair:4
    Orc (2/2) D:11            Elf (3/3) Orc:2        Vaults (5/5) D:13
  Crypt (3/3) Vaults:2       Tomb (3/3) Crypt:3      Depths (4/4) D:15
   Hell (visited)             Dis (7/7) Hell            Geh (7/7) Hell
    Coc (7/7) Hell            Tar (7/7) Hell            Zot (5/5) Depths:4
Ossuary (visited)          Bailey (visited)           IceCv (visited)
Volcano (visited)          WizLab (visited)

Altars:
Cheibriados
Fedhas
Kikubaaqudgha
Makhleb
Okawaru
Ru
Sif Muna
Vehumet
Yredelemnul
Zin
The Shining One
Jiyva

Shops:
D:4 (   D:7 ?   D:10 *   D:11 *   Orc:1 [   Orc:2 :(*!   Elf:2 =:=   Elf:3 [
Vaults:1 [   Depths:2 ?

Portals:
Hell: Depths:1 Depths:2 Depths:3 Depths:4
Abyss: Depths:1 Depths:3 Depths:4
Pandemonium: Orc:2 Depths:2 Depths:3 Depths:4

Annotations:
Elf:1 6 runed translucent doors
Elf:2 3 runed translucent doors


Innate Abilities, Weirdness & Mutations

Your serpentine skin is tough. (AC +9)
You have supernaturally acute eyesight. (SInv)
Armour fits poorly on your strangely shaped body.
Your system is resistant to poisons. (rPois)
You cover ground very slowly.
You can spit poison.
You can use your snake-like lower body to constrict enemies.
You are mostly covered in iridescent scales. (AC +4)
Your mind is acute. (Int +4, Str/Dex -1)


Message History

Confirm with . or Enter, or press ? or * to list all spells.
The dungeon rumbles!
You destroy the toenail golem!
Cheibriados appreciates the change of pace.
Ka-crash!
What level of the Dungeon? (default 1, ? - help)
There is a stone staircase leading up here.
A goblin is nearby!
Casting: Shatter (mildly dangerous; 1% risk of failure)
Confirm with . or Enter, or press ? or * to list all spells.
The dungeon rumbles!
You kill the goblin!
Cheibriados appreciates the change of pace.
Ka-crash!
What level of the Dungeon? (default 1, ? - help)
You climb upwards.
There is a stone staircase leading down here.
An orange demon comes into view.
Casting: Shatter (mildly dangerous; 1% risk of failure)
Confirm with . or Enter, or press ? or * to list all spells.
The dungeon rumbles!
You kill the orange demon!
Cheibriados appreciates the change of pace.
Ka-crash!
What level of the Dungeon? (default 1, ? - help)
There is a stone staircase leading up here.
You climb upwards.
There is a stone staircase leading down here.
Casting: Shatter (mildly dangerous; 1% risk of failure)
Confirm with . or Enter, or press ? or * to list all spells.
The dungeon rumbles!
Ka-crash!
There is a fountain of clear blue water here.
There is a staircase leading out of the dungeon here.
Okay, then.
Okay, then.
Okay, then.
Unknown command.
Okay, then.
Okay, then.
You have escaped!

##........#.#...~...#.........#
##.......##.#.⌠.~.⌠...........#
.........##.#...~...........###
.........##.#.♣.~.♣.#.......##
.........##.#...~...#.##.....#
............#.⌠.~.⌠.#.##..(..#
............#...~...#.##.....#
............###...###.#......#
...#........# ##@####.#....).#
...##...##### ###....#......#
...##...###### #...........#
#####...##...#####...........#
..# #...##.......###.........####
..#####..(........[....##.......#
...####.........................#
....##..........................#
..#..+...........................


There were no monsters in sight!

Vanquished Creatures
  Cerebov (Pan)
  Antaeus (Coc:7)
  the Royal Jelly (Slime:5)
  Asmodeus (Geh:7)
  Ereshkigal (Tar:7)
  Gloorx Vloq (Pan)
  the Serpent of Hell (Dis:7)
  Mnoleg (Pan)
  Lom Lobon (Pan)
  Dispater (Dis:7)
  8 dread liches
  Khufu (Tomb:3)
  Mennas (Depths:4)
  4 ancient liches
  4 orbs of fire
  5 juggernauts
  31 royal mummies
  Boris (thrice) (Depths:3 Crypt:1 Tomb:1)
  11 Killer Klowns
  Vv (Crypt:2)
  34 shard shrikes
  Parghit (Zot:3)
  Bai Suzhen (Crypt:2)
  57 caustic shrikes
  Geryon (Hell)
  3 curse toes
  Saint Roka (Depths:1)
  5 profane servitors
  Jory (Depths:4)
  Nikola (Vaults:1)
  12 golden dragons
  29 bone dragons
  Norris (Depths:2)
  8 electric golems
  16 Tzitzimimeh
  20 doom hounds
  13 Brimstone Fiends
  13 pandemonium lords
  14 iron giants
  23 hellephants
  A shard shrike zombie (Tar:7)
  19 tentacled monstrosities
  Mlioglotl (Swamp:4)
  15 tainted leviathans
  10 liches
  Grunn (Crypt:2)
  23 Hell Sentinels
  The ghost of Datograv the Stickfighter, an adept NaAE of Ru (Crypt:1)
  The ghost of Quplyedo the Tortoise, an adept GrGl of Okawaru (Elf:1)
  Rupert (Orc:2)
  20 Ice Fiends
  A shard shrike skeleton (Crypt:3)
  18 searing wretches
  33 Orb Guardians
  A quicksilver dragon (shapeshifter) (Zig:20)
  2 deep elf master archers (Elf:3)
  9 quicksilver dragons
  21 titans
  13 sphinxes
  5 death cobs
  35 acid blobs
  33 Executioners
  2 deep elf blademasters (Elf:3)
  An eldritch tentacle (Pan)
  35 ancient champions
  7 tentacled starspawn
  A storm dragon (shapeshifter) (Zig:20)
  11 shadow dragons
  Agnes (D:14)
  4 tengu reavers
  A thorn hunter (Swamp:4)
  15 storm dragons
  Roxanne (Swamp:3)
  31 fire giants
  4 fenstrider witches
  Donald (Swamp:3)
  10 revenants
  3 demonspawn warmongers
  7 draconian monks
  24 azure jellies
  10 rockslimes
  19 narguns
  9 draconian knights
  4 emperor scorpions (Spider:4)
  19 quicksilver elementals
  23 frost giants
  22 vault wardens
  12 draconian scorchers
  11 iron dragons
  45 balrugs
  19 cacodemons (Pan)
  5 deep elf sorcerers
  6 shard shrike simulacra
  2 curse skulls (Pan)
  2 ghost moths
  A frost giant (shapeshifter) (Zig:20)
  5 spectral caustic shrikes
  9 draconian shifters
  4 deep elf elementalists (Elf:3)
  14 ghouls
  28 ironbound preservers
  38 very ugly things
  3 orc warlords
  10 reapers
  3 demonspawn corrupters (Pan)
  27 war gargoyles
  22 stone giants
  9 demonspawn blood saints
  11 draconian annihilators
  6 draconian stormcallers
  10 caustic shrike skeletons
  6 formless jellyfish
  A broodmother (Spider:3)
  2 spriggan defenders (Depths:4)
  Nessos (D:13)
  7 ironbound thunderhulks
  13 quicksilver oozes
  10 demonspawn black suns (Pan)
  21 elemental wellsprings
  9 black draconians
  10 putrid mouths
  11 lorocyprocas
  10 deep elf annihilators
  8 eleionomae
  9 vampire knights
  12 red draconians
  10 deep elf demonologists
  17 yellow draconians
  10 white draconians
  7 dire elephants
  14 bennus
  6 bunyips
  10 green draconians
  19 wendigos
  7 purple draconians
  11 deep elf death magi
  9 fire dragons
  12 crystal guardians
  33 mummy priests
  14 spark wasps
  3 merfolk impalers
  2 spectral iron giants
  7 eidola
  17 green deaths
  14 blizzard demons
  A great orb of eyes (shapeshifter) (Zig:20)
  7 jiangshi
  14 yaktaur captains
  15 great orbs of eyes
  3 deep elf high priests
  18 iron golems
  15 ettins
  3 shambling mangroves
  3 merfolk javelineers
  29 vault guards
  A fenstrider witch zombie (Tomb:1)
  Josephine (D:9)
  A spectral golden dragon (Tar:5)
  A spectral fenstrider witch (Tar:1)
  3 spectral spriggans
  26 hydras
  Harold (D:11)
  7 entropy weavers
  Fannar (Lair:2)
  3 ghost crabs
  4 peacekeepers (Vaults:4)
  6 rakshasas
  5 salamander tyrants
  Erolcha (D:11)
  3 ogre magi (Vaults:5)
  8 caustic shrike simulacra
  2 juggernaut simulacra
  2 spriggan air magi
  2 radroaches
  6 hell beasts
  11 ice dragons
  9 centaur warriors
  12 alligators
  2 catoblepae
  2 death knights
  3 demonspawn (Orc:2)
  An alligator snapping turtle (Zig:14)
  A merfolk aquamancer (Zig:14)
  3 naga warriors
  9 death yaks
  11 ironbound frosthearts
  15 dancing weapons
  4 two-headed ogres
  A two-headed ogre (shapeshifter) (Abyss:2)
  A satyr (Zig:14)
  An alligator snapping turtle (shapeshifter) (Zig:6)
  14 stokers
  2 anacondas (Zig:4)
  14 deep troll shamans
  25 demonic crawlers
  9 boulder beetles
  40 hell hogs
  An Orb Guardian skeleton (Crypt:3)
  Urug (D:13)
  29 death scarabs
  A titan zombie (Crypt:1)
  6 thrashing horrors
  7 deep troll earth magi
  9 tengu warriors
  2 shock serpents (shapeshifter)
  5 orc high priests (Orc:2)
  A spectral storm dragon (Tar:1)
  5 spriggan berserkers
  4 vampire magi
  A naga sharpshooter (Zig:4)
  36 soul eaters
  A storm dragon zombie (Tomb:3)
  66 sun demons
  A spectral emperor scorpion (Spider:4)
  16 crystal echidnas
  13 deep elf knights
  6 hell knights
  29 shadow wraiths
  A titan skeleton (Crypt:3)
  2 iron trolls (shapeshifter) (Zig:20)
  A sun moth (Spider:3)
  8 wretched stars
  2 spectral death yaks (Lair:5)
  5 skysharks
  45 skeletal warriors
  A fire crab (shapeshifter) (Vaults:3)
  8 pharaoh ants
  11 iron trolls
  18 sixfirhies
  A death drake (shapeshifter) (Vaults:5)
  The ghost of wvc the Arsonist, a novice GrFE of Vehumet (D:8)
  An iron giant zombie (Tar:7)
  50 large abominations
  A spectral hydra (Tar:3)
  A storm dragon skeleton (Crypt:2)
  7 goliath frogs
  A spectral iron dragon (Tar:5)
  50 deep trolls
  3 spectral anacondas
  2 anaconda zombies (Hell)
  3 sea snakes (Zig:14)
  14 shadow demons
  A golden dragon zombie (WizLab)
  11 orb spiders
  3 quicksilver dragon simulacra
  4 spatial maelstroms
  A ghost moth zombie (Crypt:3)
  A sea snake (shapeshifter) (Depths:3)
  17 bog bodies
  7 flayed ghosts
  20 swamp dragons
  3 tengu zombies
  7 spriggan druids
  2 anaconda skeletons
  A spectral wolf spider (Spider:4)
  19 deep elf archers
  A shadow dragon zombie (WizLab)
  13 spriggan simulacra
  A fenstrider witch simulacrum (Crypt:3)
  10 glowing orange brains
  A golden dragon skeleton (Pan)
  An orb spider (shapeshifter) (Zig:6)
  A naga ritualist (Zig:4)
  7 steelbarb worms
  13 wizards
  4 obsidian statues
  19 ironbound convokers
  18 necromancers
  2 orange crystal statues
  9 harpies
  16 deep elf zephyrmancers
  10 phantasmal warriors
  13 orc knights
  3 lindwurms
  4 bunyip skeletons
  28 deep elf pyromancers
  A mana viper (Zig:4)
  15 shining eyes
  2 wolf spiders (shapeshifter)
  28 wolf spiders
  32 ugly things
  8 orc sorcerers
  A spectral ettin (Tar:4)
  A spectral ice dragon (Tar:1)
  A stone giant zombie (WizLab)
  2 fire giant zombies
  A human zombie (Vaults:4)
  2 oklob plants (Lair:4)
  A cyclops (D:14)
  5 will-o-the-wisps
  25 moths of wrath
  3 human skeletons
  A spectral centaur (Tar:1)
  19 elephants
  8 manticores
  A moth of wrath (shapeshifter) (Vaults:5)
  A worldbinder (Abyss:2)
  An iron dragon skeleton (Crypt:3)
  4 stone giant skeletons
  A dire elephant zombie (Tar:7)
  4 ice statues
  A demonspawn zombie (WizLab)
  Maurice (D:11)
  7 black mambas
  A naga zombie (Crypt:1)
  6 toenail golems
  8 molten gargoyles (Hell)
  9 rust devils
  7 water nymphs (Zig:14)
  6 torpor snails
  An eleionoma skeleton (Crypt:1)
  2 eyes of devastation (shapeshifter)
  2 guardian serpents
  7 apocalypse crabs
  14 vault sentinels
  3 eyes of devastation
  2 dire elephant skeletons
  5 titan simulacra
  30 smoke demons
  19 orange demons
  A storm dragon simulacrum (Crypt:3)
  An unseen horror (D:11)
  15 cane toads
  A yellow draconian zombie (WizLab)
  Psyche (D:8)
  2 redback zombies
  A komodo dragon (shapeshifter) (D:14)
  5 unseen horror zombies (D:9)
  8 naga skeletons
  34 tormentors
  A bunyip simulacrum (Crypt:2)
  4 spectral redbacks (Spider:4)
  9 komodo dragons
  A gargoyle (D:12)
  4 efreet
  8 ancient zymes
  7 spriggan zombies
  30 freezing wraiths
  45 yaktaurs
  3 ice devils
  10 anaconda simulacra
  9 rime drakes
  25 hellions
  5 iron giant simulacra
  9 tengu conjurers
  8 trolls
  A spectral demonspawn (Tar:1)
  An alligator snapping turtle skeleton (Pan)
  A golden dragon simulacrum (Coc:6)
  8 merfolk (Zig:14)
  A yaktaur skeleton (Vaults:3)
  4 harpy zombies
  2 unseen horror skeletons (D:9)
  A hydra zombie (Hell)
  3 meliai (D:15)
  48 guardian mummies
  8 red devils
  A polar bear (Lair:3)
  A spectral culicivora (Spider:4)
  A bloated husk (Swamp:3)
  9 hellwings (Pan)
  18 hornets
  2 merfolk (shapeshifter)
  A wind drake (Zig:14)
  10 tyrant leeches
  2 culicivora zombies (Spider:4)
  A hydra skeleton (Tar:7)
  2 spectral jumping spiders (Spider:4)
  An ettin zombie (Vaults:2)
  2 tarantella zombies (Spider:4)
  A raiju (shapeshifter) (Depths:2)
  28 tarantellas
  18 blink frogs
  2 iron dragon simulacra (Coc:2)
  4 harpy skeletons
  4 snapping turtles (Zig:14)
  2 spectral elephants (Lair:5)
  5 raiju
  10 dream sheep (Lair:5)
  90 slime creatures
  2 stone giant simulacra
  6 centaur simulacra
  31 jumping spiders
  A culicivora (shapeshifter) (Elf:2)
  An ice dragon skeleton (Crypt:3)
  A spectral black mamba (Tar:1)
  A guardian serpent skeleton (Crypt:2)
  22 flying skulls
  15 spriggans
  5 air elementals
  19 culicivoras
  An ettin skeleton (Tomb:2)
  5 shadows
  13 wraiths
  17 ynoxinuls
  An elf zombie (WizLab)
  11 dire elephant simulacra
  48 yaks
  A wyvern (shapeshifter) (Vaults:5)
  15 water elementals
  A slime creature zombie (Crypt:3)
  4 basilisks
  6 alligator snapping turtle simulacra
  4 fire elementals
  17 starcursed masses
  7 wyverns
  3 hogs (Spider:4)
  6 fire bats (Lair:2)
  10 golden eyes
  20 ushabtiu
  13 humans
  49 redbacks
  20 neqoxecs
  25 vampire mosquitoes
  22 chaos spawn
  2 steam dragons
  Edmund (D:5)
  2 death yak simulacra (Lair:5)
  12 harpy simulacra
  17 swamp worms
  A yaktaur simulacrum (Vaults:3)
  6 wargs
  A cane toad zombie (Crypt:3)
  A naga (Abyss:2)
  3 hydra simulacra
  A naga (shapeshifter) (Vaults:5)
  13 water moccasins
  A deep troll skeleton (Crypt:3)
  5 floating eyes
  4 acid dragons
  A glowing shapeshifter skeleton (Crypt:1)
  A floating eye (shapeshifter) (Depths:3)
  5 swamp drakes
  A sky beast (D:7)
  4 ice beasts
  54 orc warriors
  3 black bears
  3 elephant zombies
  9 wolves
  A black mamba simulacrum (Crypt:3)
  A hog zombie (Crypt:2)
  3 ettin simulacra
  13 ogres
  2 phantoms
  A rime drake zombie (Crypt:1)
  21 centaurs
  2 elephant skeletons (Lair:5)
  A kobold brigand (D:7)
  5 naga simulacra
  5 necrophages
  3 gnoll sergeants
  11 bullfrogs
  4 earth elementals
  A wyvern zombie (D:9)
  3 cane toad simulacra (Lair:5)
  A demonspawn simulacrum (Crypt:3)
  An ogre simulacrum (Vaults:3)
  6 scorpions
  29 wights
  A wyvern skeleton (Crypt:1)
  20 killer bees
  A queen bee zombie (Crypt:2)
  A lindwurm simulacrum (IceCv)
  5 spriggan skeletons
  13 electric eels
  10 howler monkeys
  3 lava snakes (Lair:2)
  3 centaur zombies
  7 komodo dragon simulacra (IceCv)
  3 small abominations (Abyss:2)
  7 hounds
  A jelly (D:6)
  38 orc priests
  7 centaur skeletons
  8 gnoll boudas
  A basilisk skeleton (Crypt:2)
  A sleepcap (D:7)
  4 iguanas
  31 orc wizards
  8 hell rats
  A killer bee zombie (D:9)
  54 mummies
  Robin (D:3)
  2 howler monkey zombies (D:9)
  5 adders
  22 gnolls
  A howler monkey skeleton (D:9)
  12 acid dragon simulacra (IceCv)
  A steam dragon skeleton (Crypt:1)
  A shadow imp (D:6)
  2 white imps
  2 ufetubi
  A steam dragon simulacrum (IceCv)
  A jelly zombie (Crypt:1)
  8 worms
  A dart slug (D:3)
  114 orcs
  9 endoplasms
  3 giant cockroaches
  19 goblins
  16 hobgoblins
  3 jackals (D:3)
  2 quokkas
  4 ball pythons
  6 bats
  2 endoplasm zombies
  2 frilled lizards
  6 gnoll skeletons (Ossuary)
  A hobgoblin skeleton (Crypt:1)
  A jackal skeleton (Crypt:1)
  19 kobolds
  11 kobold skeletons (Ossuary)
  9 orc skeletons
  A rat (D:2)
  4 ball lightnings
  A boulder (D:13)
  2 butterflies (Lair:1)
  7 creeping infernos
  54 fire vortices
  A lurking horror (Abyss:2)
  A starspawn tentacle (Zig:10)
4759 creatures vanquished.

Vanquished Creatures (collateral kills)
  Mara (Depths:1)
  A royal mummy (Tomb:1)
  Margery (Vaults:2)
  A Killer Klown (Zot:5)
  A caustic shrike (Dis:7)
  A caustic shrike (shapeshifter) (Zig:20)
  A golden dragon (Zig:16)
  A sphinx (shapeshifter) (Zig:20)
  A quicksilver dragon (Zot:2)
  A tentacled starspawn (Abyss:2)
  An Executioner (Pan)
  2 shadow dragons
  A shadow dragon (shapeshifter) (Zig:20)
  A thorn hunter (Swamp:4)
  Kirke (Spider:4)
  2 emperor scorpions (Spider:4)
  2 emperor scorpions (shapeshifter) (Zig:20)
  A vault warden (Vaults:1)
  A ghost moth (Spider:4)
  4 ironbound preservers
  A broodmother (Spider:3)
  An ironbound thunderhulk (Vaults:1)
  A war gargoyle (Dis:7)
  A very ugly thing (Pan)
  A minotaur (Elf:1)
  A deep elf death mage (Vaults:3)
  A blizzard demon (Pan)
  3 shambling mangroves (Swamp:4)
  4 hydras (Swamp:4)
  A vault guard (Vaults:3)
  A tengu warrior (Depths:2)
  2 deep troll shamans (Depths:1)
  A deep troll earth mage (Depths:1)
  A soul eater (Pan)
  4 deep trolls
  A spectral iron dragon (Tar:1)
  An ironbound convoker (Vaults:2)
  A wizard (Vaults:1)
  5 swamp dragons (Swamp:4)
  A steelbarb worm (Spider:3)
  An elephant (Lair:2)
  3 ugly things
  A vault sentinel (Vaults:1)
  2 tarantellas
  5 hornets (Swamp:4)
  A troll (D:13)
  A tarantella (shapeshifter) (D:15)
  A raiju (Abyss:2)
  4 slime creatures (Vaults:1)
  2 flying skulls (Abyss:2)
  2 culicivoras (Spider:4)
  A jumping spider (Spider:3)
  3 humans (D:13)
  A redback (Spider:3)
  An orc warrior (Depths:1)
  2 swamp drakes (Swamp:4)
  An iron imp (Abyss:2)
  7 mummies
  3 boulders
101 creatures vanquished.

Vanquished Creatures (others)
  A juggernaut (shapeshifter) (Zig:20)
  A pandemonium lord (Pan)
  A fire giant (shapeshifter) (Zig:20)
  A draconian scorcher (Zig:18)
  2 very ugly things (Zig:20)
  A peacekeeper (Vaults:3)
  A thrashing horror (Zig:11)
  A glowing orange brain (Pan)
  A spriggan simulacrum (Coc:3)
  4 smoke demons (Pan)
  2 apocalypse crabs (Zig:20)
  A yaktaur (Vaults:2)
  A tormentor (Pan)
  A water elemental (Elf:2)
  A neqoxec (Pan)
  An orc (Elf:1)
  A kobold (D:4)
  8 ball lightnings (Zig:20)
  16 boulders
  255 fire vortices
  8 foxfires
  3 starspawn tentacles
312 creatures vanquished.

Grand Total: 5172 creatures vanquished

Notes
Turn   | Place    | Note
-------+----------+-------------------------------------------
     0 | D:1      | Charly the Naga Earth Elementalist began the quest for the
                  | Orb.
     0 | D:1      | Reached XP level 1. HP: 15/15 MP: 3/3
   268 | D:1      | Reached skill level 1 in Fighting
   268 | D:1      | Reached XP level 2. HP: 23/25 MP: 1/5
   960 | D:2      | Reached XP level 3. HP: 32/32 MP: 4/6
   963 | D:2      | Learned a level 2 spell: Passwall
  1924 | D:3      | Reached XP level 4. HP: 33/40 MP: 4/7
  2039 | D:3      | Found a snail-covered altar of Cheibriados.
  2112 | D:3      | Became a worshipper of Cheibriados the Contemplative
  2786 | D:3      | Reached * piety under Cheibriados
  2861 | D:3      | Noticed Robin
  2993 | D:3      | Reached XP level 5. HP: 49/49 MP: 5/8
  3042 | D:3      | Killed Robin
  3138 | D:4      | Learned a level 3 spell: Stone Arrow
  3156 | D:4      | Reached skill level 5 in Stealth
  3299 | D:4      | Found Cakos's Weapon Emporium.
  3454 | D:4      | Noticed a phantom
  3459 | D:4      | Killed a phantom
  3460 | D:4      | Reached skill level 1 in Conjurations
  3460 | D:4      | Reached XP level 6. HP: 46/56 MP: 3/9
  3620 | D:4      | Reached ** piety under Cheibriados
  3621 | D:4      | Reached skill level 5 in Earth Magic
  3763 | D:4      | Found a glowing silver altar of Zin.
  4137 | D:5      | Entered Level 5 of the Dungeon
  4219 | D:5      | Reached XP level 7. HP: 62/62 MP: 8/11
  4283 | D:5      | Identified the +6 spear of Fenkuupaa {freeze, *Slow Str+5}
  4299 | D:5      | Found a sand-covered staircase.
  4306 | Ossuary  | Entered an ossuary
  4306 | Ossuary  | Noticed a wraith
  4306 | Ossuary  | Noticed a wraith
  4306 | Ossuary  | Noticed a wraith
  4385 | Ossuary  | Noticed a wraith
  4409 | Ossuary  | Killed a wraith
  4725 | D:5      | Reached XP level 8. HP: 69/69 MP: 6/13
  5136 | D:5      | Noticed Edmund
  5145 | D:5      | Killed Edmund
  5508 | D:5      | Reached *** piety under Cheibriados
  5790 | D:6      | Learned a level 4 spell: Brom's Barrelling Boulder
  5888 | D:6      | Noticed a shadow
  5903 | D:6      | Killed a shadow
  5904 | D:6      | Reached skill level 1 in Invocations
  6129 | D:6      | Reached XP level 9. HP: 70/75 MP: 6/16
  6374 | D:7      | Found a radiant altar of Vehumet.
  6374 | D:7      | Found a basalt altar of Yredelemnul.
  6374 | D:7      | Found a sacrificial altar of Ru.
  6374 | D:7      | Found a glowing golden altar of the Shining One.
  6471 | D:7      | Learned a level 4 spell: Petrify
  6539 | D:7      | Found a staircase to the Ecumenical Temple.
  6644 | D:7      | Reached skill level 5 in Spellcasting
  6701 | D:7      | Reached skill level 5 in Conjurations
  6854 | D:7      | Reached **** piety under Cheibriados
  7093 | D:7      | Noticed a troll
  7096 | D:7      | Killed a troll
  7245 | D:7      | Found a burning altar of Makhleb.
  7267 | D:7      | Found The Oracle's Delphic Readings.
  7271 | D:7      | Bought a scroll of amnesia for 48 gold pieces
  7271 | D:7      | Bought a scroll of vulnerability for 48 gold pieces
  7271 | D:7      | Bought 3 scrolls of immolation for 144 gold pieces
  7543 | D:7      | Reached XP level 10. HP: 84/84 MP: 8/18
  8151 | D:7      | Reached ***** piety under Cheibriados
  8160 | D:7      | Reached skill level 10 in Earth Magic
  8400 | D:8      | Learned a level 3 spell: Ozocubu's Armour
  8473 | D:8      | Noticed Psyche
  8488 | D:8      | Killed Psyche
  8489 | D:8      | Reached skill level 5 in Invocations
  8643 | D:8      | Found a runed translucent door.
  8670 | D:8      | Reached skill level 1 in Ice Magic
  8769 | D:8      | Noticed wvc's ghost (novice GrFE)
  8773 | D:8      | Identified the +10 spear of Qextipta {drain, Str+4}
  9691 | D:9      | Found a flagged portal.
  9705 | Bailey   | Entered a bailey
  9788 | Bailey   | Noticed an orc warlord
  9879 | Bailey   | Reached ****** piety under Cheibriados
  9880 | Bailey   | Reached XP level 11. HP: 90/90 MP: 0/20
 10015 | Bailey   | Found a runed translucent gate.
 10018 | Bailey   | Found a runed translucent gate.
 10019 | Bailey   | Found a runed translucent gate.
 10288 | Bailey   | Killed an orc warlord
 10322 | Bailey   | Reached XP level 12. HP: 97/97 MP: 19/22
 10429 | D:9      | Learned a level 3 spell: Frozen Ramparts
 10767 | D:9      | Noticed Josephine
 10824 | D:9      | Reached skill level 10 in Ice Magic
 11217 | D:9      | Killed Josephine
 11895 | D:10     | Entered Level 10 of the Dungeon
 11970 | D:10     | Found Ecloiss's Hallowed Reliquary.
 11972 | D:10     | Noticed an angel
 11979 | D:10     | Bought a potion of curing for 39 gold pieces
 11979 | D:10     | Bought a potion of curing for 39 gold pieces
 11979 | D:10     | Bought a potion of curing for 39 gold pieces
 11979 | D:10     | Bought 2 potions of heal wounds for 130 gold pieces
 12458 | D:10     | Noticed a two-headed ogre
 12467 | D:10     | Killed a two-headed ogre
 12985 | D:11     | Noticed a two-headed ogre
 13005 | D:11     | Found Mezxeh's Assorted Antiques.
 13022 | D:11     | Noticed a boulder beetle
 13036 | D:11     | Killed a boulder beetle
 13037 | D:11     | Gained mutation: You can use your snake-like lower body to
                  | constrict enemies. [Naga growth]
 13037 | D:11     | Reached XP level 13. HP: 103/103 MP: 15/25
 13071 | D:11     | Found a frozen archway.
 13084 | IceCv    | Entered an ice cave
 13720 | IceCv    | Noticed an ice dragon
 13737 | IceCv    | Killed an ice dragon
 14054 | IceCv    | Identified the ring of Cepruam {Fire Str+4}
 14058 | IceCv    | Identified the ring "Zufah" {rF+ rN+ MP+9 EV+5}
 14241 | D:11     | Learned a level 7 spell: Ozocubu's Refrigeration
 14298 | D:11     | Bought a potion of cancellation for 144 gold pieces
 14298 | D:11     | Bought a scroll of poison for 72 gold pieces
 14480 | D:11     | Noticed Harold
 14485 | D:11     | Killed Harold
 15071 | D:11     | Noticed Maurice
 15075 | D:11     | Killed Maurice
 15195 | D:11     | Noticed Erolcha
 15197 | D:11     | Killed Erolcha
 15398 | D:11     | Found a staircase to the Lair.
 15759 | D:11     | Found a staircase to the Orcish Mines.
 15971 | Lair:1   | Entered Level 1 of the Lair of Beasts
 16579 | Lair:1   | Identified the +0 ring mail of Classification {Will+++
                  | Str-2 Int-4 Slay+5}
 16589 | Lair:1   | Learned a level 3 spell: Ignite Poison
 17195 | Lair:2   | Noticed Fannar
 17276 | Lair:2   | Killed Fannar
 18044 | Lair:2   | Reached XP level 14. HP: 115/115 MP: 8/27
 18436 | Lair:2   | Reached skill level 5 in Fighting
 18436 | Lair:2   | Reached skill level 10 in Invocations
 19276 | Lair:3   | Found a staircase to the Swamp.
 19391 | Lair:3   | Found the +8 storm bow {elec, penet}
 19406 | Lair:3   | Reached skill level 10 in Spellcasting
 19528 | Lair:3   | Found a hole to the Spider Nest.
 20768 | Lair:4   | Reached skill level 15 in Ice Magic
 20887 | Lair:4   | Found a dark tunnel.
 20892 | Volcano  | Entered a volcano
 21664 | Lair:4   | Found a staircase to the Slime Pits.
 21667 | Lair:4   | Found a viscous altar of Jiyva.
 21670 | Lair:4   | Reached XP level 15. HP: 109/123 MP: 19/29
 22846 | Lair:5   | Entered Level 5 of the Lair of Beasts
 23789 | Lair:5   | Identified the +3 falchion of Yqonk {venom, MP+9}
 24108 | Lair:5   | Identified the amulet of Nyr Falo {Acrobat Regen+ Stlth+}
 24652 | Lair:5   | Got a loosely-bound book
 25673 | Lair:5   | Learned a level 6 spell: Simulacrum
 26547 | D:12     | Reached skill level 1 in Necromancy
 26547 | D:12     | Reached skill level 1 in Evocations
 27411 | D:13     | Noticed Nessos
 27411 | D:13     | Noticed Urug
 27411 | D:13     | Found a gate to the Vaults.
 27502 | D:13     | Reached XP level 16. HP: 130/130 MP: 28/31
 27904 | D:13     | Killed Nessos
 28653 | D:13     | Killed Urug
 29870 | D:14     | Identified the +2 robe of Moczaoke {Contam +Inv Regen+
                  | Dex+5}
 30064 | D:14     | You fall into a shaft and drop 1 floor!
 30064 | D:15     | Entered Level 15 of the Dungeon
 30276 | D:15     | Learned a level 4 spell: Dispel Undead
 30732 | D:14     | Noticed Agnes
 30735 | D:14     | Killed Agnes
 31419 | D:15     | Found a staircase to the Depths.
 32548 | D:15     | Found a runed translucent door.
 33268 | D:8      | Killed wvc's ghost
 33460 | Orc:1    | Entered Level 1 of the Orcish Mines
 33802 | Orc:1    | Found Nococ's Antique Armour Shoppe.
 33819 | Orc:1    | Reached XP level 17. HP: 144/144 MP: 33/33
 34056 | Orc:1    | You fall into a shaft and drop 1 floor!
 34056 | Orc:2    | Entered Level 2 of the Orcish Mines
 34056 | Orc:2    | Found a staircase to the Elven Halls.
 34474 | Orc:2    | Noticed Rupert
 34479 | Orc:2    | Killed Rupert
 34480 | Orc:2    | Reached skill level 5 in Necromancy
 35360 | Orc:2    | Reached skill level 5 in Evocations
 35654 | Orc:2    | Found Qeonadd's Distillery.
 35720 | Orc:2    | Found Feppoon's General Store.
 36144 | Orc:2    | Reached skill level 5 in Dodging
 36431 | Orc:2    | Found Vist's Antique Weapon Shoppe.
 36431 | Orc:2    | Found Mintua Fiawk's Book Emporium.
 36432 | Orc:2    | Found a one-way gate leading to the halls of Pandemonium.
 36436 | Orc:2    | Bought a book of the Earth for 360 gold pieces
 36588 | Orc:2    | Bought a potion of brilliance for 52 gold pieces
 36588 | Orc:2    | Bought a potion of enlightenment for 65 gold pieces
 36588 | Orc:2    | Bought a potion of curing for 39 gold pieces
 36588 | Orc:2    | Bought a potion of resistance for 130 gold pieces
 36590 | Orc:2    | Bought a throwing net for 39 gold pieces
 36590 | Orc:2    | Bought a scroll of fog for 52 gold pieces
 36640 | Orc:1    | Bought a pair of glowing gloves for 270 gold pieces
 36640 | Orc:1    | Bought a faintly humming ring mail for 324 gold pieces
 36640 | Orc:1    | Identified the +5 ring mail "Pyriokla" {Str+4 Dex+5} (You
                  | bought it in a shop on level 1 of the Orcish Mines)
 36648 | Orc:1    | Learned a level 6 spell: Bombard
 36655 | Orc:1    | Learned a level 5 spell: Lee's Rapid Deconstruction
 36805 | Spider:1 | Entered Level 1 of the Spider Nest
 37527 | Spider:1 | Identified the +1 leather armour of Indemnity {Dex+2
                  | Slay+3}
 38554 | Spider:1 | Identified 2 scrolls of acquirement
 38868 | Spider:2 | Acquired the +0 cloak of Qasufey {MP+9 Int+2}
 38885 | Spider:2 | Acquired 1063 gold pieces
 40422 | Spider:2 | Reached XP level 18. HP: 157/157 MP: 35/35
 40529 | Spider:2 | Learned a level 5 spell: Borgnjor's Vile Clutch
 43155 | Spider:4 | Entered Level 4 of the Spider Nest
 43282 | Spider:4 | Reached skill level 15 in Invocations
 43938 | Spider:4 | Noticed Kirke
 43941 | Spider:4 | Killed Kirke
 44610 | Spider:4 | Reached skill level 10 in Fighting
 45273 | Spider:4 | Reached XP level 19. HP: 166/167 MP: 37/37
 45467 | Spider:4 | Got a gossamer rune of Zot
 45731 | Swamp:1  | Entered Level 1 of the Swamp
 47193 | Swamp:2  | Identified the +1 leather armour "Naqud" {Will+ Int+2}
 48084 | Swamp:3  | Learned a level 5 spell: Irradiate
 48157 | Swamp:3  | Noticed Donald
 48160 | Swamp:3  | Killed Donald
 48262 | Swamp:3  | Noticed Roxanne
 48969 | Swamp:3  | Killed Roxanne
 49104 | Swamp:4  | Entered Level 4 of the Swamp
 49108 | Swamp:4  | Reached skill level 15 in Spellcasting
 49166 | Swamp:4  | Reached skill level 1 in Shields
 50367 | Swamp:4  | Noticed Mlioglotl
 50374 | Swamp:4  | Killed Mlioglotl
 50854 | Swamp:4  | Reached XP level 20. HP: 177/177 MP: 29/39
 50972 | Swamp:4  | Got a decaying rune of Zot
 51455 | Elf:1    | Entered Level 1 of the Elven Halls
 51457 | Elf:1    | Paralysed by an air elemental for 1 turns
 52097 | Elf:1    | Found a runed translucent gate.
 52097 | Elf:1    | Found a runed translucent gate.
 52097 | Elf:1    | Found a runed translucent gate.
 52097 | Elf:1    | Found a runed translucent gate.
 52097 | Elf:1    | Found a runed translucent gate.
 52099 | Elf:1    | Found a runed translucent gate.
 52426 | Elf:1    | Found a runed translucent gate.
 52426 | Elf:1    | Found a runed translucent gate.
 52426 | Elf:1    | Found a runed translucent gate.
 52427 | Elf:1    | Noticed Quplyedo's ghost (adept GrGl)
 52438 | Elf:1    | Found an iron altar of Okawaru.
 52980 | Elf:1    | Killed Quplyedo's ghost
 53463 | Elf:1    | Reached skill level 10 in Conjurations
 53627 | Elf:1    | Found an iron altar of Okawaru.
 54029 | Elf:1    | Found a runed translucent gate.
 54029 | Elf:1    | Found a runed translucent gate.
 54029 | Elf:1    | Found a runed translucent gate.
 54029 | Elf:1    | Found a runed translucent gate.
 54029 | Elf:1    | Found a runed translucent gate.
 54031 | Elf:1    | Found a runed translucent gate.
 55199 | Elf:2    | Found a runed translucent gate.
 55199 | Elf:2    | Found a runed translucent gate.
 55199 | Elf:2    | Found a runed translucent gate.
 55242 | Elf:2    | Found Eweocsymm's Jewellery Emporium.
 55242 | Elf:2    | Found Duecutzi's Book Boutique.
 55243 | Elf:2    | Found Picwosy's Jewellery Emporium.
 55293 | Elf:2    | Bought a +6 ring of intelligence for 540 gold pieces
 55300 | Elf:2    | Bought a book of Annihilations for 720 gold pieces
 55380 | Elf:3    | Entered Level 3 of the Elven Halls
 55550 | Elf:3    | Reached skill level 10 in Dodging
 55753 | Elf:3    | Identified the +1 hand axe "Qian" {antimagic, *Corrode
                  | rN+++ SInv}
 56338 | Abyss:2  | Cast into level 2 of the Abyss (a deep elf demonologist)
 56406 | Abyss:2  | Reached skill level 5 in Shields
 56800 | Abyss:2  | Reached XP level 21. HP: 188/188 MP: 9/41
 57027 | Elf:3    | Escaped the Abyss
 57043 | Elf:3    | Identified the staff "Fazor" {+Blink rF+ rC++ SInv Fire}
 57057 | Elf:3    | Identified the +6 dire flail of the Threshing Traitor
                  | {freeze, Stlth+}
 57384 | Elf:3    | Found Taafreh's Antique Armour Boutique.
 57399 | Elf:3    | Bought a runed buckler for 247 gold pieces
 58403 | Elf:3    | Got a gaudy book
 58669 | Elf:3    | Found Taafreh's Antique Armour Boutique.
 59367 | Elf:3    | Found Taafreh's Antique Armour Boutique.
 60122 | Vaults:1 | Entered Level 1 of the Vaults
 60754 | Vaults:1 | Reached skill level 15 in Earth Magic
 60938 | Vaults:1 | Found Syriph Kerass's Armour Shop.
 61002 | Vaults:1 | Bought the +2 robe of Distant Shores {Will+ Int+3} for 503
                  | gold pieces
 61059 | Vaults:1 | Noticed Nikola
 61450 | Vaults:1 | Killed Nikola
 61622 | Vaults:1 | Identified the +0 scale mail "Tymolast" {MP+9 Int-5 Dex+2
                  | SInv}
 62732 | Vaults:2 | Noticed Margery
 62747 | Vaults:2 | Killed Margery
 62763 | Vaults:2 | Reached XP level 22. HP: 109/195 MP: 13/43
 64355 | Vaults:2 | You fall into a shaft and drop 1 floor!
 65135 | Vaults:2 | Found a staircase to the Crypt.
 65135 | Vaults:2 | Found a basalt altar of Yredelemnul.
 65135 | Vaults:2 | Found an ancient bone altar of Kikubaaqudgha.
 67373 | Vaults:3 | Found Doinuata's Distillery.
 67381 | Vaults:3 | Bought a potion of heal wounds for 85 gold pieces
 67381 | Vaults:3 | Bought a potion of heal wounds for 85 gold pieces
 67381 | Vaults:3 | Bought a potion of curing for 51 gold pieces
 67381 | Vaults:3 | Bought a potion of curing for 51 gold pieces
 67381 | Vaults:3 | Bought a potion of heal wounds for 85 gold pieces
 67381 | Vaults:3 | Bought a potion of mutation for 136 gold pieces
 67381 | Vaults:3 | Bought a potion of ambrosia for 136 gold pieces
 67381 | Vaults:3 | Bought a potion of ambrosia for 136 gold pieces
 67381 | Vaults:3 | Bought a potion of mutation for 136 gold pieces
 67381 | Vaults:3 | Bought a potion of ambrosia for 136 gold pieces
 67594 | Orc:2    | Bought 2 potions of mutation for 208 gold pieces
 68469 | D:15     | Identified the +2 morningstar "Leshid" {heavy, rElec MP+9
                  | SInv}
 69116 | Vaults:4 | Reached XP level 23. HP: 202/202 MP: 41/45
 69294 | Vaults:4 | Reached skill level 10 in Shields
 71582 | Depths:1 | Entered Level 1 of the Depths
 71600 | Depths:1 | Noticed Mara
 71621 | Depths:1 | Found a magical portal.
 71639 | WizLab   | Entered Doroklohe's Tomb
 71726 | WizLab   | Noticed a royal mummy
 72090 | WizLab   | Killed a royal mummy
 72336 | WizLab   | Identified the +15 crystal plate armour of Azurgh {*Slow
                  | +Blink rElec rCorr}
 72528 | Depths:1 | Killed Mara
 72886 | Depths:1 | Noticed Saint Roka
 72892 | Depths:1 | Killed Saint Roka
 73013 | Depths:1 | Found a one-way gateway to a ziggurat.
 73086 | Depths:1 | Found a one-way gate to the infinite horrors of the Abyss.
 73304 | Depths:1 | Found a gateway to Hell.
 73952 | Depths:1 | Found a shimmering blue altar of Sif Muna.
 74458 | Depths:1 | Learned a level 9 spell: Shatter
 74461 | Depths:2 | Noticed Norris
 74467 | Depths:2 | Killed Norris
 74469 | Depths:2 | Reached XP level 24. HP: 200/211 MP: 12/45
 75700 | Depths:2 | Identified the +7 spear "Bostruw" {protect, Str+3}
 76203 | Depths:2 | Found Suloro's Magic Scroll Shop.
 76261 | Depths:2 | Bought a scroll of blinking for 120 gold pieces
 76261 | Depths:2 | Bought a scroll of teleportation for 48 gold pieces
 76261 | Depths:2 | Bought a scroll of fog for 64 gold pieces
 76261 | Depths:2 | Bought a scroll of teleportation for 48 gold pieces
 76261 | Depths:2 | Bought a scroll of teleportation for 48 gold pieces
 76454 | Depths:2 | Found a burning altar of Makhleb.
 76459 | Depths:2 | Found a glowing golden altar of the Shining One.
 76584 | Depths:3 | Noticed Boris
 76723 | Depths:3 | Killed Boris
 76906 | Depths:3 | Identified the ring "Piboakk" {rCorr MP+9}
 77220 | Depths:3 | Noticed a caustic shrike
 77228 | Depths:3 | Killed a caustic shrike
 78866 | Depths:4 | Entered Level 4 of the Depths
 79012 | Depths:4 | Noticed a caustic shrike
 79013 | Depths:4 | Noticed a caustic shrike
 79014 | Depths:4 | Noticed a caustic shrike
 79014 | Depths:4 | Noticed a caustic shrike
 79017 | Depths:4 | Killed a caustic shrike
 79017 | Depths:4 | Killed a caustic shrike
 79017 | Depths:4 | Killed a caustic shrike
 79017 | Depths:4 | Killed a caustic shrike
 79169 | Depths:4 | Noticed Jory
 79172 | Depths:4 | Killed Jory
 79174 | Depths:4 | Reached XP level 25. HP: 218/218 MP: 20/46
 79801 | Depths:4 | Found a blossoming altar of Fedhas.
 80531 | Depths:4 | Noticed Mennas
 80549 | Depths:4 | Killed Mennas
 80993 | Depths:4 | Found a gate to the Realm of Zot.
 81568 | Crypt:1  | Entered Level 1 of the Crypt
 82540 | Crypt:1  | Noticed Boris
 82542 | Crypt:1  | Killed Boris
 82867 | Crypt:1  | Found a runed translucent gate.
 82867 | Crypt:1  | Found a runed translucent gate.
 82867 | Crypt:1  | Found a runed translucent gate.
 82869 | Crypt:1  | Noticed Datograv's ghost (adept NaAE)
 82889 | Crypt:1  | Killed Datograv's ghost
 83013 | Crypt:1  | Identified the +6 mace "Het Masch" {heavy, Str+3}
 83061 | Crypt:1  | Identified the +5 short sword of Vomuoth {heavy, Fragile
                  | rElec rN+ rCorr}
 83296 | Crypt:2  | Noticed Grunn
 83415 | Crypt:2  | Noticed Bai Suzhen
 83417 | Crypt:2  | Killed Bai Suzhen
 83418 | Crypt:2  | Killed Grunn
 83565 | Crypt:2  | Noticed Vv
 83719 | Crypt:2  | Killed Vv
 84395 | Crypt:3  | Entered Level 3 of the Crypt
 84398 | Crypt:3  | Reached XP level 26. HP: 222/226 MP: 47/47
 85019 | Crypt:3  | Identified the +1 halberd "Hajiud Lewodgh" {freeze, rF+ rN+
                  | rCorr}
 85492 | Crypt:3  | Found a staircase to the Tomb.
 86239 | Crypt:3  | Reached skill level 15 in Shields
 86253 | Crypt:3  | Noticed an ancient lich
 86256 | Crypt:3  | Killed an ancient lich
 86499 | Crypt:3  | Got an uncut book
 86688 | Crypt:3  | Found the +7 sceptre of Torment {pain, torment}
 87209 | Vaults:4 | Learned a level 9 spell: Fire Storm
 87212 | Vaults:4 | Learned a level 2 spell: Sublimation of Blood
 87213 | Vaults:5 | Entered Level 5 of the Vaults
 87382 | Vaults:5 | Identified the +8 scimitar "Puurytt" {heavy, rPois rC++
                  | Str-4 Int+2}
 87548 | Vaults:5 | Reached skill level 5 in Fire Magic
 87718 | Vaults:5 | Reached XP level 27. HP: 95/231 MP: 30/48
 88542 | Vaults:5 | Identified the ring "Mummyeg" {rElec rCorr Dex+6}
 88585 | Vaults:5 | Got a silver rune of Zot
 88799 | Vaults:5 | Identified the +5 hand axe of the Warrior {chaos, rN+ Str+4
                  | Dex-2}
 88961 | Vaults:5 | Identified the ring of the Good {rPois rN+}
 88962 | Vaults:5 | Identified the +2 pair of gloves "Gyat" {rF+++ rC+ Dex+3
                  | Stlth-}
 89034 | Vaults:5 | Found the +3 Mad Mage's Maulers {Infuse+∞ VampMP -Cast}
 89411 | Vaults:5 | Identified the +3 ring mail of Abstinence {Str+4}
 89424 | Vaults:5 | Identified the +2 falchion "Gistusoo" {antimagic, *Rage
                  | Str+5}
 89432 | Vaults:5 | Identified the staff "Xoomilevi" {rElec rF+ rC+ rCorr Ice}
 89715 | Slime:1  | Entered Level 1 of the Pits of Slime
 90499 | Slime:5  | Entered Level 5 of the Pits of Slime
 90936 | Zot:1    | Entered Level 1 of the Realm of Zot
 91376 | Zot:2    | Noticed an orb of fire
 91377 | Zot:2    | Gained mutation: Your body sometimes deteriorates upon
                  | taking damage. [an orb of fire]
 91381 | Zot:2    | Gained mutation: You are vulnerable to heat. (rF-) [an orb
                  | of fire]
 91382 | Zot:2    | Gained mutation: You are weak. (Str -2) [an orb of fire]
 92458 | Zot:2    | Reached skill level 10 in Fire Magic
 92618 | Zot:2    | Killed an orb of fire
 94346 | Zot:3    | You fall into a shaft and drop 1 floor!
 94719 | Zot:3    | Noticed Parghit
 94724 | Zot:3    | Killed Parghit
 97373 | Zot:5    | Entered Level 5 of the Realm of Zot
 97859 | Zot:5    | Noticed a dread lich
 97861 | Zot:5    | Killed a dread lich
 97861 | Zot:5    | Noticed a dread lich
 97862 | Zot:5    | Killed a dread lich
 97862 | Zot:5    | Noticed an orb of fire
 97863 | Zot:5    | Reached skill level 15 in Conjurations
 97864 | Zot:5    | Gained mutation: You are very weak. (Str -4) [an orb of
                  | fire]
 97867 | Zot:5    | Killed an orb of fire
 98166 | Zot:5    | Noticed a dread lich
 98170 | Zot:5    | Killed a dread lich
 99177 | Zot:5    | Reached skill level 15 in Fire Magic
 99356 | Zot:5    | Noticed a dread lich
 99360 | Zot:5    | Killed a dread lich
 99626 | Zot:5    | Noticed an orb of fire
 99631 | Zot:5    | Gained mutation: You are frail. (-10% HP) [an orb of fire]
 99632 | Zot:5    | Killed an orb of fire
 99784 | Zot:5    | Noticed an orb of fire
 99790 | Zot:5    | Killed an orb of fire
 99904 | Zot:5    | Noticed an ancient lich
 99906 | Zot:5    | Killed an ancient lich
100445 | Zot:5    | Identified the +1 leather armour of Marbles {Fly rC+ Int-5}
100971 | Zot:5    | Learned a level 8 spell: Ignition
100971 | Zot:5    | Lost mutation: Your body sometimes deteriorates upon taking
                  | damage. [potion of mutation]
100971 | Zot:5    | Lost mutation: You are very weak. (Str -4) [potion of
                  | mutation]
100971 | Zot:5    | Gained mutation: You occasionally lose the ability to read
                  | scrolls when taking damage. [potion of mutation]
100971 | Zot:5    | Gained mutation: You expend magic power (3 MP) to
                  | strengthen your wands. [potion of mutation]
100971 | Zot:5    | Gained mutation: You are vulnerable to cold. (rC-) [potion
                  | of mutation]
100972 | Zot:5    | Lost mutation: You expend magic power (3 MP) to strengthen
                  | your wands. [potion of mutation]
100972 | Zot:5    | Lost mutation: You are vulnerable to heat. (rF-) [potion of
                  | mutation]
100972 | Zot:5    | Lost mutation: You are vulnerable to cold. (rC-) [potion of
                  | mutation]
100972 | Zot:5    | Gained mutation: Your mind is acute. (Int +4, Str/Dex -1)
                  | [potion of mutation]
100973 | Zot:5    | Lost mutation: You are frail. (-10% HP) [potion of
                  | mutation]
100973 | Zot:5    | Lost mutation: You are weak. (Str -2) [potion of mutation]
100973 | Zot:5    | Gained mutation: You are frail. (-10% HP) [potion of
                  | mutation]
100973 | Zot:5    | Gained mutation: You have hidden genetic potential. [potion
                  | of mutation]
100974 | Zot:5    | Lost mutation: You are frail. (-10% HP) [potion of
                  | mutation]
100974 | Zot:5    | Lost mutation: Your mind is acute. (Int +4, Str/Dex -1)
                  | [potion of mutation]
100974 | Zot:5    | Gained mutation: Your magical capacity is low. (-10% MP)
                  | [potion of mutation]
100974 | Zot:5    | Gained mutation: You are partially covered in iridescent
                  | scales. (AC +2) [potion of mutation]
100974 | Zot:5    | Gained mutation: You have great hidden genetic potential.
                  | [potion of mutation]
100975 | Zot:5    | Lost mutation: You are partially covered in iridescent
                  | scales. (AC +2) [potion of mutation]
100975 | Zot:5    | Lost mutation: Your magical capacity is low. (-10% MP)
                  | [potion of mutation]
100975 | Zot:5    | Lost mutation: You occasionally lose the ability to read
                  | scrolls when taking damage. [potion of mutation]
100975 | Zot:5    | Gained mutation: You have sharp fingernails. [potion of
                  | mutation]
100975 | Zot:5    | Gained mutation: You are agile. (Dex +4, Str/Int -1)
                  | [potion of mutation]
100975 | Zot:5    | Gained mutation: Your mind is acute. (Int +4, Str/Dex -1)
                  | [potion of mutation]
101127 | Hell     | Entered the Vestibule of Hell
101127 | Hell     | Noticed Geryon
101144 | Hell     | Killed Geryon
101627 | Hell     | Found a gateway to the ashen valley of Gehenna.
101715 | Hell     | Found a gateway to the decaying netherworld of Tartarus.
101797 | Hell     | Found a gateway to the freezing wastes of Cocytus.
101830 | Hell     | Found a gateway to the Iron City of Dis.
102099 | Zig:1    | Entered Level 1 of a ziggurat
102187 | Zig:2    | Entered Level 2 of a ziggurat
102232 | Zig:3    | Entered Level 3 of a ziggurat
102261 | Zig:4    | Entered Level 4 of a ziggurat
102320 | Zig:5    | Entered Level 5 of a ziggurat
102434 | Zig:6    | Entered Level 6 of a ziggurat
102441 | Zig:6    | Noticed Hopuiqas the pandemonium lord
102447 | Zig:6    | Killed Hopuiqas the pandemonium lord
102539 | Zig:6    | Identified the +1 mace of Change {drain, Will+ Dex+2}
102541 | Zig:6    | Identified the +5 rapier of Numuih {antimagic, rCorr Int+2}
102547 | Zig:7    | Entered Level 7 of a ziggurat
102554 | Zig:7    | Paralysed by a floating eye for 3 turns
102640 | Zig:7    | Got an uncut book
102655 | Zig:8    | Entered Level 8 of a ziggurat
102740 | Zig:8    | Got a droning book
102745 | Zig:8    | Identified the staff of a bailey {rC++ Int-3 Earth}
102746 | Zig:8    | Identified the +1 quick blade of Rotation {flame, *Noise
                  | rElec Int+5}
102762 | Zig:9    | Entered Level 9 of a ziggurat
102894 | Zig:9    | Acquired 1057 gold pieces
102896 | Zig:9    | Identified the +5 broad axe "Ilaosk" {vamp, *Noise rCorr
                  | Stlth+}
102912 | Zig:10   | Entered Level 10 of a ziggurat
102920 | Zig:10   | Found the +3 crown of Dyrovepreva {rElec Int+2 SInv}
102923 | Zig:10   | Gained mutation: You sometimes lose your temper in combat.
                  | [a shining eye]
103086 | Zig:10   | Identified the ring of Relativism {Contam rElec rF++ Dex+6}
103093 | Zig:10   | Identified the +4 kite shield of Gestures {Dex+4}
103109 | Zig:11   | Entered Level 11 of a ziggurat
103311 | Zig:11   | Identified the ring of the Indestructible God {Fly rC+
                  | Int-3 Dex+3}
103360 | Zig:12   | Entered Level 12 of a ziggurat
103524 | Zig:12   | Got a dusty book
103546 | Zig:13   | Entered Level 13 of a ziggurat
103559 | Zig:13   | Found the ring of Shadows {Umbra +Inv Stlth+}
103578 | Zig:13   | Gained mutation: Your spells are a little harder to cast,
                  | but a little more powerful. [hidden potential]
103675 | Zig:13   | Found the macabre finger necklace {Finger+ rN+}
103683 | Zig:13   | Identified the +2 scale mail of Deeseizu {rN+ Will+ Slay+2
                  | Stlth-}
103703 | Zig:13   | Identified the +7 arbalest "Wapsefut" {speed, rC- rN+ Int+4
                  | Dex+5}
103738 | Zig:14   | Entered Level 14 of a ziggurat
103940 | Zig:14   | Identified the +2 great sword of Zin's Generosity {flame,
                  | Will- rCorr Dex+6 Stlth+}
103957 | Zig:15   | Entered Level 15 of a ziggurat
104065 | Zig:15   | Found the +8 longbow "Zephyr" {speed, Dex+3 SInv}
104137 | Zig:16   | Entered Level 16 of a ziggurat
104362 | Zig:16   | Found the +2 cloak of the Thief {*Fog Slay-2 SInv Stlth+}
104375 | Zig:16   | Identified the ring of Wiydiun {Fly rF- Int+8}
104388 | Zig:16   | Identified the +11 crystal plate armour of Uskayaw,
                  | Freezing {Contam Harm rElec rC-}
104427 | Zig:17   | Entered Level 17 of a ziggurat
104438 | Zig:17   | Noticed a dread lich
104442 | Zig:17   | Killed a dread lich
104444 | Zig:17   | Noticed a dread lich
104446 | Zig:17   | Killed a dread lich
104775 | Zig:17   | Found the +11 Singing Sword {sonic wave}
104776 | Zig:17   | Found the +7 lajatang of Order {silver, rMut}
104799 | Zig:17   | Identified the +0 rapier "Aryihawk" {flame, rElec rPois
                  | Str+3}
104801 | Zig:17   | Identified the +5 war axe of the Pillar {heavy, rF+ Str+3
                  | Dex-3}
104810 | Zig:17   | Identified the +5 plate armour of Indomitability {rPois
                  | Stlth+}
104845 | Zig:18   | Entered Level 18 of a ziggurat
105097 | Zig:18   | Identified the staff "Hodouf" {rPois rC+ Will++ Str-4 Dex+3
                  | Ice}
105103 | Zig:18   | Identified the ring "Veiz" {rF+ Int+7 Dex+4}
105118 | Zig:18   | Identified the ring "Iqiloego" {Will++ MP+9 Dex+3}
105120 | Zig:18   | Identified the +2 morningstar "Wogupus" {elec, *Slow rC+
                  | Will+ Str+2}
105157 | Zig:19   | Entered Level 19 of a ziggurat
105196 | Zig:19   | Gained mutation: You can exhale a cloud of poison. [hidden
                  | potential]
105196 | Zig:19   | Lost mutation: You have great hidden genetic potential.
                  | [hidden potential expressed]
105372 | Zig:19   | Identified the amulet "Jyitoihour" {Reflect rC+ Will+
                  | Regen+ SH+5}
105385 | Zig:19   | Identified the +11 great mace "Ibilibb" {freeze, rC+ Will+
                  | Str+4}
105425 | Zig:20   | Entered Level 20 of a ziggurat
105435 | Zig:20   | Noticed Zoawn the pandemonium lord
105438 | Zig:20   | Noticed Doidaoh the pandemonium lord
105439 | Zig:20   | Killed Zoawn the pandemonium lord
105440 | Zig:20   | Noticed Laepod the pandemonium lord
105442 | Zig:20   | Noticed Ceigus the pandemonium lord
105443 | Zig:20   | Killed Doidaoh the pandemonium lord
105444 | Zig:20   | Killed Laepod the pandemonium lord
105445 | Zig:20   | Noticed Ziuso the pandemonium lord
105448 | Zig:20   | Killed Ceigus the pandemonium lord
105452 | Zig:20   | Killed Ziuso the pandemonium lord
105457 | Zig:20   | Noticed Qaopt the pandemonium lord
105463 | Zig:20   | Noticed a juggernaut
105468 | Zig:20   | Killed a juggernaut
105477 | Zig:20   | Killed Qaopt the pandemonium lord
105645 | Zig:20   | Found the +5 Lochaber axe {reach-cleave, Poleaxe Drain}
105740 | Zig:20   | Found the +12 glaive of Prune {freeze, Prune}
105750 | Zig:20   | Identified the +9 halberd of Ecsoomim {vamp, Dex+3 Stlth+}
105755 | Zig:20   | Got a levitating book
105756 | Zig:20   | Identified the amulet of the Ancients {Spirit rF+ rN+
                  | Str+3}
105759 | Zig:20   | Identified the +0 robe of the Pleiades {+Blink rPois rF+
                  | Dex-4}
105768 | Zig:20   | Identified the +8 falchion "Taubludi" {flame, rF+ rCorr
                  | Str+2}
105773 | Zig:20   | Identified the +7 war axe "Waasu" {pain, Int+4}
106142 | Elf:2    | Bought a Necronomicon for 648 gold pieces
106560 | Dis:1    | Entered Level 1 of the Iron City of Dis
106875 | Dis:3    | Noticed a juggernaut
106875 | Dis:3    | Noticed a juggernaut
106875 | Dis:3    | Noticed an ancient lich
106877 | Dis:3    | Killed a juggernaut
106877 | Dis:3    | Killed an ancient lich
106879 | Dis:3    | Killed a juggernaut
107247 | Dis:5    | Gained mutation: You have a pair of small horns on your
                  | head. [hidden potential]
107758 | Dis:7    | Entered Level 7 of the Iron City of Dis
107980 | Dis:7    | Reached skill level 10 in Necromancy
108715 | Dis:7    | Learned a level 8 spell: Borgnjor's Revivification
108808 | Dis:7    | Identified the +4 scale mail of Veud {rC+ rCorr}
109045 | Dis:7    | Identified the staff "Ogrebane" {rElec rPois rF+ Fire}
109132 | Dis:7    | Identified the +0 buckler "Isopy" {Regen+ Int-2 Dex-2 SInv}
109545 | Dis:7    | Noticed the Serpent of Hell
109550 | Dis:7    | Killed the Serpent of Hell
109559 | Dis:7    | Gained mutation: Your natural rate of healing is unusually
                  | fast. [hidden potential]
109559 | Dis:7    | Lost mutation: You have hidden genetic potential. [hidden
                  | potential expressed]
109769 | Dis:7    | Got an unusual book
109771 | Dis:7    | Identified the +3 mace of the Telling Gods {holy, *Rage rF+
                  | Will+}
109772 | Dis:7    | Noticed Dispater
109779 | Dis:7    | Killed Dispater
110056 | Dis:7    | Got an iron rune of Zot
110492 | Coc:1    | Entered Level 1 of Cocytus
110540 | Coc:1    | Paralysed by a wendigo for 1 turns
111202 | Coc:4    | Noticed a juggernaut
111205 | Coc:4    | Killed a juggernaut
111449 | Coc:4    | Noticed a juggernaut
111452 | Coc:4    | Killed a juggernaut
111453 | Coc:4    | Noticed a juggernaut
111457 | Coc:4    | Killed a juggernaut
111665 | Coc:4    | Reached skill level 27 in Spellcasting
111940 | Coc:4    | Learned a level 9 spell: Death's Door
111958 | Coc:5    | Reached skill level 15 in Necromancy
112469 | Coc:7    | Entered Level 7 of Cocytus
113667 | Coc:7    | Identified the +6 glaive of Qeiga {heavy, rElec Dex+2}
113667 | Coc:7    | Noticed Antaeus
113673 | Coc:7    | Killed Antaeus
113778 | Coc:7    | Got an icy rune of Zot
113781 | Coc:7    | Identified the +9 short sword "Zepiul" {pain, *Rage +Blink
                  | rElec Str-5 Int+4}
113797 | Coc:7    | Identified the +5 chain mail of Minor Irritation {Dex+5}
114129 | Coc:7    | Identified the ring "Umakuppi" {Wiz MP+9 Int+3 Dex-3
                  | Stlth+}
114286 | Hell     | Learned a level 6 spell: Dispersal
114288 | Hell     | Learned a level 1 spell: Apportation
114329 | Tar:1    | Entered Level 1 of Tartarus
114634 | Tomb:1   | Entered Level 1 of the Tomb of the Ancients
114652 | Tomb:1   | Noticed a royal mummy
114652 | Tomb:1   | Noticed a royal mummy
114652 | Tomb:1   | Noticed a royal mummy
114653 | Tomb:1   | Noticed a royal mummy
114655 | Tomb:1   | Killed a royal mummy
114655 | Tomb:1   | Killed a royal mummy
114655 | Tomb:1   | Noticed a royal mummy
114656 | Tomb:1   | Killed a royal mummy
114656 | Tomb:1   | Killed a royal mummy
114657 | Tomb:1   | Reached skill level 1 in Translocations
114657 | Tomb:1   | Killed a royal mummy
114822 | Tomb:1   | Noticed a royal mummy
114827 | Tomb:1   | Killed a royal mummy
114860 | Tomb:1   | Noticed a royal mummy
114862 | Tomb:1   | Killed a royal mummy
115024 | Tomb:1   | Noticed a royal mummy
115026 | Tomb:1   | Killed a royal mummy
115026 | Tomb:1   | Noticed Boris
115199 | Tomb:1   | Killed Boris
115199 | Tomb:1   | Noticed a royal mummy
115201 | Tomb:1   | Killed a royal mummy
115203 | Tomb:1   | Noticed a royal mummy
115205 | Tomb:1   | Noticed a royal mummy
115206 | Tomb:1   | Killed a royal mummy
115206 | Tomb:1   | Killed a royal mummy
115206 | Tomb:1   | Noticed a royal mummy
115371 | Tomb:1   | Killed a royal mummy
115741 | Tomb:1   | Got a vibrating book
115832 | Tomb:1   | Noticed a royal mummy
115834 | Tomb:1   | Killed a royal mummy
115976 | Tomb:1   | Noticed a royal mummy
115979 | Tomb:1   | Killed a royal mummy
115981 | Tomb:1   | Noticed a royal mummy
115986 | Tomb:1   | Killed a royal mummy
116314 | Tomb:1   | Noticed a royal mummy
116317 | Tomb:1   | Noticed a royal mummy
116317 | Tomb:1   | Noticed a royal mummy
116318 | Tomb:1   | Killed a royal mummy
116318 | Tomb:1   | Killed a royal mummy
116318 | Tomb:1   | Killed a royal mummy
116318 | Tomb:1   | Noticed a royal mummy
116319 | Tomb:1   | Reached skill level 10 in Stealth
116321 | Tomb:1   | Killed a royal mummy
117047 | Tomb:2   | Noticed a royal mummy
117047 | Tomb:2   | Noticed a royal mummy
117054 | Tomb:2   | Killed a royal mummy
117062 | Tomb:2   | Killed a royal mummy
117065 | Tomb:2   | Noticed a royal mummy
117065 | Tomb:2   | HP: 4/237 [royal mummy/divine providence (17)]
117279 | Tomb:2   | Killed a royal mummy
117280 | Tomb:2   | Noticed a royal mummy
117282 | Tomb:2   | Killed a royal mummy
117913 | Tomb:3   | Entered Level 3 of the Tomb of the Ancients
117925 | Tomb:3   | Reached skill level 5 in Translocations
117935 | Tomb:3   | Noticed a royal mummy
117937 | Tomb:3   | Killed a royal mummy
117943 | Tomb:3   | Noticed a royal mummy
117945 | Tomb:3   | Noticed a royal mummy
117945 | Tomb:3   | Noticed Khufu
117945 | Tomb:3   | Noticed a royal mummy
117948 | Tomb:3   | Noticed a royal mummy
117948 | Tomb:3   | Noticed a royal mummy
118087 | Tomb:3   | Killed a royal mummy
118087 | Tomb:3   | Killed a royal mummy
118088 | Tomb:3   | Killed Khufu
118088 | Tomb:3   | Killed a royal mummy
118090 | Tomb:3   | Killed a royal mummy
118091 | Tomb:3   | Noticed a royal mummy
118093 | Tomb:3   | Killed a royal mummy
118095 | Tomb:3   | Noticed a royal mummy
118099 | Tomb:3   | Killed a royal mummy
118106 | Tomb:3   | Reached skill level 15 in Stealth
118115 | Tomb:3   | Killed a royal mummy
118493 | Tomb:3   | Got a golden rune of Zot
118546 | Tomb:3   | Found the +8 Wrath of Trog {antimagic, *Rage Rampage}
118580 | Tomb:3   | Identified the +8 flail "Guyxuex" {freeze, Dex+5}
118599 | Tomb:3   | Identified the +6 flail "Xelofapp" {spect, rF++ Int+3}
118600 | Tomb:3   | Identified the ring "Xumer" {rElec rF+ rCorr Int-4 SInv}
118601 | Tomb:3   | Identified the ring of the Slug {rElec rC++ rN+}
118628 | Tomb:3   | Identified the +6 scale mail of the Kraken {Harm}
118999 | Pan      | Entered Pandemonium
119069 | Pan      | Entered the realm of Gloorx Vloq.
119077 | Pan      | Noticed Gloorx Vloq
119205 | Pan      | Reached skill level 10 in Evocations
119296 | Pan      | Killed Gloorx Vloq
119336 | Pan      | Got a dark rune of Zot
119356 | Pan      | Identified the ring "Wianullu" {rElec rC+ SInv}
119525 | Pan      | Entered the realm of Lom Lobon.
119784 | Pan      | Noticed Lom Lobon
119794 | Pan      | Killed Lom Lobon
119801 | Pan      | Got a magical rune of Zot
119844 | Pan      | Entered the realm of Cerebov.
119914 | Pan      | Identified the +6 shortbow "Washror" {heavy, rF- Str+5}
119996 | Pan      | Found the +6 sword of Cerebov {flame}
119996 | Pan      | Noticed Cerebov
120015 | Pan      | Killed Cerebov
120033 | Pan      | Got a fiery rune of Zot
120241 | Pan      | Identified the +10 sling "Aroupp" {elec, rElec rC+}
120260 | Pan      | Identified the +8 spear of Success {freeze, *Noise rC+
                  | Str+6}
120357 | Pan      | Identified the amulet "Yzemay" {Regen+ Str+4 Stlth+}
120364 | Pan      | Identified the staff "Faliy" {rElec rF+ Str-4 Int+2 Fire}
120622 | Pan      | Noticed Paripnai the pandemonium lord
120627 | Pan      | Killed Paripnai the pandemonium lord
120651 | Pan      | Entered the realm of Mnoleg.
120651 | Pan      | Noticed Mnoleg
120652 | Pan      | Gained mutation: You occasionally lose the ability to read
                  | scrolls when taking damage. [a neqoxec]
120654 | Pan      | Gained mutation: You have an uncontrollable temper. [a
                  | cacodemon]
120660 | Pan      | Killed Mnoleg
120674 | Pan      | Gained mutation: Your magical capacity is low. (-10% MP) [a
                  | neqoxec]
120821 | Pan      | Gained mutation: You are vulnerable to cold. (rC-) [a
                  | cacodemon]
120823 | Pan      | Reached skill level 15 in Fighting
120944 | Pan      | Got a glowing rune of Zot
121014 | Pan      | Reached skill level 15 in Dodging
121017 | Pan      | Lost mutation: You are agile. (Dex +4, Str/Int -1) [potion
                  | of mutation]
121017 | Pan      | Lost mutation: Your natural rate of healing is unusually
                  | fast. [potion of mutation]
121018 | Pan      | Lost mutation: You occasionally lose the ability to read
                  | scrolls when taking damage. [potion of mutation]
121018 | Pan      | Lost mutation: You can exhale a cloud of poison. [potion of
                  | mutation]
121018 | Pan      | Lost mutation: You are vulnerable to cold. (rC-) [potion of
                  | mutation]
121019 | Pan      | Lost mutation: Your magical capacity is low. (-10% MP)
                  | [potion of mutation]
121019 | Pan      | Lost mutation: Your spells are a little harder to cast, but
                  | a little more powerful. [potion of mutation]
121019 | Pan      | Lost mutation: You have an uncontrollable temper. [potion
                  | of mutation]
121019 | Pan      | Gained mutation: You are partially covered in iridescent
                  | scales. (AC +2) [potion of mutation]
121455 | Pan      | Found an exit through the horrors of the Abyss.
121519 | Pan      | Noticed Siathram the pandemonium lord
121528 | Pan      | Killed Siathram the pandemonium lord
121566 | Pan      | Found a transporter.
121714 | Pan      | Found a transporter.
121722 | Pan      | Identified the amulet of Xazothi {Acrobat rCorr}
121813 | Pan      | Identified the ring of Jeuth {Ice rElec Str+4 Dex+2}
121820 | Pan      | Identified the +1 quarterstaff of Valiance {venom, *Rage
                  | rN++}
121829 | Pan      | Gained mutation: You are mostly covered in iridescent
                  | scales. (AC +4) [a cacodemon]
122121 | Pan      | Noticed Kachucs the pandemonium lord
122124 | Pan      | Killed Kachucs the pandemonium lord
122382 | Pan      | Noticed Ody Savuqiu the pandemonium lord
122386 | Pan      | Killed Ody Savuqiu the pandemonium lord
122504 | Pan      | Noticed Voedok the pandemonium lord
122509 | Pan      | Killed Voedok the pandemonium lord
122524 | Pan      | Gained mutation: Your magical capacity is low. (-10% MP) [a
                  | neqoxec]
122838 | Pan      | Found an exit through the horrors of the Abyss.
122915 | Pan      | Learned a level 9 spell: Polar Vortex
122918 | Pan      | Learned a level 2 spell: Blink
122953 | Depths:2 | Escaped Pandemonium
123091 | Depths:2 | Lost mutation: Your mind is acute. (Int +4, Str/Dex -1)
                  | [potion of mutation]
123091 | Depths:2 | Lost mutation: You have sharp fingernails. [potion of
                  | mutation]
123091 | Depths:2 | Lost mutation: You sometimes lose your temper in combat.
                  | [potion of mutation]
123091 | Depths:2 | Gained mutation: Your body sometimes deteriorates upon
                  | taking damage. [potion of mutation]
123091 | Depths:2 | Lost mutation: Your body sometimes deteriorates upon taking
                  | damage. [potion of mutation]
123091 | Depths:2 | Gained mutation: You are agile. (Dex +4, Str/Int -1)
                  | [potion of mutation]
123092 | Depths:2 | Lost mutation: You are agile. (Dex +4, Str/Int -1) [potion
                  | of mutation]
123092 | Depths:2 | Lost mutation: Your magical capacity is low. (-10% MP)
                  | [potion of mutation]
123092 | Depths:2 | Lost mutation: You are mostly covered in iridescent scales.
                  | (AC +4) [potion of mutation]
123092 | Depths:2 | Gained mutation: You can exhale a cloud of poison. [potion
                  | of mutation]
123092 | Depths:2 | Gained mutation: You passively dampen the noise of your
                  | surroundings. [potion of mutation]
123092 | Depths:2 | Gained mutation: Your mind is acute. (Int +4, Str/Dex -1)
                  | [potion of mutation]
123094 | Pan      | Entered Pandemonium
123245 | Pan      | Gained mutation: You occasionally lose the ability to drink
                  | potions when taking damage. [a neqoxec]
123246 | Pan      | Noticed Ylystru the pandemonium lord
123248 | Pan      | Killed Ylystru the pandemonium lord
123305 | Pan      | Identified the ring "Jaqi" {*Slow rPois rF+ Dex+6}
123571 | Pan      | Got a demonic rune of Zot
123622 | Pan      | Found an exit through the horrors of the Abyss.
123639 | Pan      | Took an exit into the Abyss.
123639 | Abyss:2  | Escaped into the Abyss
123640 | Abyss:2  | Lost mutation: You passively dampen the noise of your
                  | surroundings. [potion of mutation]
123640 | Abyss:2  | Lost mutation: You can exhale a cloud of poison. [potion of
                  | mutation]
123640 | Abyss:2  | Lost mutation: You occasionally lose the ability to drink
                  | potions when taking damage. [potion of mutation]
123640 | Abyss:2  | Lost mutation: You have a pair of small horns on your head.
                  | [potion of mutation]
123640 | Abyss:2  | Gained mutation: You are mostly covered in iridescent
                  | scales. (AC +4) [potion of mutation]
123708 | Abyss:2  | Found a corrupted altar of Lugonu.
123709 | Abyss:2  | Found a corrupted altar of Lugonu.
123709 | Abyss:2  | Found a corrupted altar of Lugonu.
123762 | Abyss:3  | Found an ancient bone altar of Kikubaaqudgha.
123783 | Abyss:3  | Found a corrupted altar of Lugonu.
123808 | Abyss:4  | Got an abyssal rune of Zot
123814 | Depths:2 | Escaped the Abyss
124116 | Slime:5  | Noticed the Royal Jelly
124146 | Slime:5  | Killed the Royal Jelly
124298 | Slime:5  | Identified the +3 chain mail "Oross" {-Tele rPois Int+2
                  | SInv}
124383 | Slime:5  | Identified the +1 scale mail of Repulsion {rElec Dex+5}
124389 | Slime:5  | Identified the ring of Emerodeo {rPois Will+ Str+3 Int+6}
124466 | Slime:5  | Identified the +3 flail of Piumm {venom, rF+ rC+ Str-4}
124551 | Slime:5  | Found the sphere of Battle
124628 | Slime:5  | Got a slimy rune of Zot
125228 | Geh:1    | Entered Level 1 of Gehenna
126399 | Geh:7    | Entered Level 7 of Gehenna
128227 | Geh:7    | Reached skill level 27 in Stealth
128538 | Geh:7    | Found the +13 sceptre of Asmodeus
128538 | Geh:7    | Noticed Asmodeus
128551 | Geh:7    | Killed Asmodeus
128720 | Geh:7    | Identified the +10 morningstar of Caosaurchi {flame, rElec
                  | Str+3 Int+2}
128731 | Geh:7    | Found the amulet of Elemental Vulnerability {rPois rF--
                  | rC-- AC+8}
128739 | Geh:7    | Identified the +8 shortbow of Magnificence {freeze, rC+
                  | rCorr Int+2}
128746 | Geh:7    | Identified the staff of the Brewing Shrike {rPois Necro
                  | Poison}
128769 | Geh:7    | Identified the +1 short sword of the Briny Deep {freeze,
                  | Contam Will+ Int+3}
128771 | Geh:7    | Identified the +4 broad axe of Taxation {distort, Int+3}
128785 | Geh:7    | Got an obsidian rune of Zot
129721 | Tar:3    | Reached skill level 15 in Evocations
130737 | Tar:7    | Entered Level 7 of Tartarus
131363 | Tar:7    | Identified the staff of Certain Death {rC+ rCorr Tloc Ice}
131583 | Tar:7    | Identified the +2 battleaxe of Yppuzyiz {flame, rC+}
131965 | Tar:7    | Noticed a dread lich
131968 | Tar:7    | Killed a dread lich
131968 | Tar:7    | Noticed an ancient lich
131969 | Tar:7    | Killed an ancient lich
131972 | Tar:7    | Noticed a dread lich
131974 | Tar:7    | Killed a dread lich
132065 | Tar:7    | Found the +7 Spriggan's Knife {stab, EV+4 Stlth+}
132071 | Tar:7    | Identified the +5 battleaxe of Midsummer {flame, +Blink rN+
                  | Int+3 SInv}
132073 | Tar:7    | Identified the +2 quarterstaff of Oppaik {flame, Contam rN+
                  | Str+4}
132212 | Tar:7    | Noticed Ereshkigal
132216 | Tar:7    | Killed Ereshkigal
132388 | Tar:7    | Found the +7 hand cannon "Mule" {flame, backblast, rF+}
132402 | Tar:7    | Identified the staff "Yfook" {rPois rF+ Poison}
132512 | Tar:7    | Got a bone rune of Zot
132898 | Zot:5    | Got the Orb of Zot
132976 | Zot:2    | Noticed Nixodaut the pandemonium lord
132981 | Zot:2    | Killed Nixodaut the pandemonium lord
133451 | D:$      | Escaped with the Orb!

Illustrated notes

Levels and vault maps discovered:
D:1:      mainiacjoe_arrival_reflecting_pool, layout_basic,
          amcnicky_mini_pool_small
D:2:      layout_basic
D:3:      kennysheep_goblin_castle, layout_basic, mainiacjoe_overflow_24_doors
D:4:      layout_loops_ring, nicolae_overflow_crystal_walls, serial_shops,
          nicolae_shop_pleasant_corner_grove
D:5:      layout_basic, chequers_ossuary_entry_cave, uniq_edmund
D:6:      layout_rooms
D:7:      lemuel_castle_with_subvaults [lemuel_castle_interior_carwin_3],
          layout_basic, lightli_temple_of_fire,
          chequers_temple_overflow_statue_of_worship,
          minmay_temple_entry_large_hall, nicolae_nh_oracle_at_delphi
D:8:      layout_basic, ebering_ghost_funeral_grove, uniq_psyche
D:9:      hangedman_screamer, layout_irregular_city, enter_bailey_6
D:10:     wad_river_or_something, layout_basic, nicolae_good_shop
D:11:     layout_loops_corners, lair_entry_dummy, erik_orc_2, serial_shops,
          nicolae_shop_tiny_real_fake_doors, portal_ice_cave_entry_pillars_2,
          uniq_erolcha, uniq_harold, uniq_maurice
D:12:     layout_grid_maze
D:13:     layout_basic, david_vaults_3, minmay_starry_boxes
D:14:     kennysheep_funnel, layout_basic, minmay_tree_intersection, uniq_agnes
D:15:     hangedman_depths_entry_civil_slaughter, layout_stronghold,
          minmay_crystal_box
Lair:1:   layout_roguey, infiniplex_staircase_pool_2, lemuel_fruit_fields
Lair:2:   layout_gridlike, lemuel_another_geyser, uniq_fannar
Lair:3:   layout_gridlike, nicolae_swamp_entry_splash_gauntlet,
          nicolae_spider_entry_non_spiders, minivault_25, lemuel_fruit_fields
Lair:4:   layout_cave_shapes, minmay_slime_entry_oklob_open, enter_volcano_4,
          beast_lair_carwin_6, grunt_megastairs_4, uniq_josephine
Lair:5:   due_jungle_book, layout_long_grid
Swamp:1:  layout_basic_swamp, evilmike_swamp_ruin_house_2,
          infiniplex_staircase_pool
Swamp:2:  layout_basic_swamp, evilmike_swamp_ruin_rubble_1
Swamp:3:  layout_basic_swamp, evilmike_swamp_ruin_house_5, swamp_pool1,
          st_swamp_ruins_2, uniq_donald, uniq_roxanne
Swamp:4:  swamp_basic_johnstein, layout_basic_swamp, uniq_mlioglotl
Spider:1: nicolae_spider_mines_1
Spider:2: layout_spider_delve, hangedman_spider_tarantella_strand
Spider:3: layout_cave_pods, worms_lemuel
Spider:4: floodkiller_spider_rune_tomb, uniq_kirke
Slime:1:  layout_caves
Slime:2:  layout_caves
Slime:3:  layout_caves
Slime:4:  layout_caves, nicolae_slime_getting_an_eyeful
Slime:5:  slime_pit_nicolae_inversion
Orc:1:    layout_diamond_mine, serial_shops, nicolae_diamond_shop, basic_altar,
          lemuel_statue_altar
Orc:2:    pf_orc_diabolical, layout_diamond_mine, uniq_rupert
Elf:1:    nicolae_elf_arrival_fired_up, layout_loops_cross,
          gammafunk_ghost_fury_of_okawaru, orc_legates
Elf:2:    elven_hall_of_blades_hangedman_original [mumra_blade_entry_dagger],
          layout_gridlike, serial_glass, glass_columns_c, glass_columns_b,
          minmay_shop_grove
Elf:3:    grunt_elf_hall_spiral, layout_gridlike, serial_shops,
          nicolae_shop_statue_plus
Vaults:1: nicolae_vaults_heart-shaped_vault, nicolae_vaults_storage_closets_1,
          vaults_mumra_minichess_inversion, v_pattern_5,
          nicolae_vaults_lightning_bolt, nicolae_vaults_variable_pillar_hall,
          nicolae_vaults_shipping_containers_2, nicolae_vaults_big_ls,
          v_misc_17, v_misc_23, nicolae_vaults_shelves_hall,
          nicolae_vaults_taking_the_gang_shopping, v_misc_13,
          layout_vaults_omnibox, uniq_nikola
Vaults:2: minmay_crypt_entry_necro_gods, nicolae_vaults_storage_closets_2,
          nicolae_vaults_weapon_check, nicolae_vaults_trapezoid_lopsided_1,
          v_misc_5, nicolae_vaults_layer_cake_slice, v_misc_24,
          vaults_room_octagon, nicolae_vaults_trapezoid_2,
          nicolae_vaults_trapezoid_2, layout_vaults_omnigrid, uniq_margery
Vaults:3: nicolae_vaults_closet_pinwheel_1, grunt_vaults_focal, v_pattern_1,
          v_misc_25, v_misc_26, nicolae_vaults_variable_pillar_hall,
          nicolae_vaults_heart-shaped_vault, v_misc_14, nicolae_vaults_house_1,
          nicolae_vaults_closet_pinwheel_1, layout_vaults_big_room,
          serial_shops, nicolae_shop_tiny_statue_garden
Vaults:4: nicolae_vaults_closet_pinwheel_1, nicolae_vaults_shock_wave,
          dpeg_vaults_monster_box, nicolae_vaults_trapezoid_lopsided_4,
          v_misc_16, nicolae_vaults_tangram_1, vaults_room_door_ring,
          nicolae_vaults_storage_room_statues, nicolae_vaults_little_squares_3,
          hangedman_vaults_capsules, vaults_mumra_hex, ontoclasm_vaults_chip,
          layout_vaults_ring
Vaults:5: serial_shops
Crypt:1:  layout_misc_corridors, gammafunk_ghost_spectres, hex_large,
          grunt_crypt_arrival_split
Crypt:2:  layout_rooms, grunt_megastairs_3, uniq_vv, uniq_grunn, uniq_bai_suzhen
Crypt:3:  due_elkab, layout_chaotic_city, st_chilly_death
Tomb:1
Tomb:2
Tomb:3
Depths:1: layout_gridlike, enter_ziggurat_e, hangedman_coc_ice_floe,
          mu_enter_wizlab_1, serial_corexii_hall, corexii_hall_statues_i,
          corexii_hall_statues_t, abyss_entry_small_statue_room,
          minmay_fountain_box, lemuel_blue_sif_altar, uniq_saint_roka, uniq_mara
Depths:2: minmay_the_grid_square_5x5_4x4_mashed
          [minmay_the_grid_square_5x5_one_wall, minmay_the_grid_square_5x5_plus,
          minmay_the_grid_square_5x5_checkered_statues,
          minmay_the_grid_square_5x5_inner_v,
          minmay_the_grid_square_5x5_spiral_small,
          minmay_the_grid_square_5x5_prize_snowflake,
          minmay_the_grid_square_5x5_prize_junk,
          minmay_the_grid_square_5x5_n_small,
          minmay_the_grid_square_5x5_broken_cross,
          minmay_the_grid_square_5x5_prize_pseudospiral,
          minmay_the_grid_square_5x5_prize_itemx, minmay_the_grid_square_5x5_n,
          minmay_the_grid_square_5x5_slash,
          minmay_the_grid_square_5x5_three_small,
          minmay_the_grid_square_5x5_seven, minmay_the_grid_square_5x5_longway],
          layout_cave_pools, patterned_corridor, serial_shops,
          nicolae_inconvenience_store, pan_entry, pf_hell_entry_tar_river,
          nzn_life_drinkers, uniq_norris
Depths:3: minmay_quantized_circle, layout_honeycomb, hell_entry, abyss_entry,
          wad_floor_pattern_untrapped, rand_demon_pan_entry_5, minmay_holes,
          drop_trap, kennysheep_island_fort, uniq_boris
Depths:4: grunt_zot_entry_bicorn, layout_gridlike, grunt_hell_entry_dis_old,
          rand_demon_pan_entry_4, hangedman_abyss_or_decor_lesser_grid,
          abyss_entry, fedhas_altar_fruit_tree, uniq_jory, uniq_mennas
Hell
Dis:1:    layout_subdivisions
Dis:2:    layout_jigsaw, hangedman_dis_chains
Dis:3:    layout_gridville, nicolae_dis_step_into_the_octagon
Dis:4:    layout_subdivisions
Dis:5:    layout_overlapping_boxes
Dis:6:    layout_overlapping_boxes, nicolae_dis_distal_crystal
Dis:7:    iron_city_of_dis [dis_old, dis_wall_3], layout_gridville
Geh:1:    layout_gehenna_pools_box
Geh:2:    layout_gehenna_pools_triple, gehenna_fire_generator
Geh:3:    layout_gehenna_pools_basic, minmay_fire_ice_demons
Geh:4:    layout_gehenna_lava_caves
Geh:5:    layout_gehenna_pools_triple
Geh:6:    nicolae_geh_tyrants_menagerie, layout_gehenna_pools_basic,
          nicolae_geh_single_fiery_grave
Geh:7:    geh_mu
Coc:1:    layout_ice_bergs
Coc:2:    layout_cocytus_water_paths
Coc:3:    layout_cocytus_delve
Coc:4:    nicolae_hells_titanomachy
Coc:5:    layout_ice_bergs
Coc:6:    layout_cocytus_water_paths
Coc:7:    coc_grunt
Tar:1:    layout_cathedral_of_symmetry
Tar:2:    layout_honeycomb, nicolae_tar_cuneiform_not,
          nicolae_tar_cuneiform_bird
Tar:3:    layout_catacombs
Tar:4:    layout_cathedral_of_symmetry
Tar:5:    layout_catacombs
Tar:6:    layout_cathedral_of_symmetry
Tar:7:    tar_old
Zot:1:    layout_cellular_growth, hangedman_hellfire_club
Zot:2:    layout_basic, nicolae_lava_and_water
Zot:3:    layout_gridlike, st_stairs_14, uniq_parghit
Zot:4:    lemuel_draconian_sentries_small, layout_concentric_octagons,
          skrybe_zot_glass_3
Zot:5:    layout_misc_corridors, lemuel_golem_globe

Skill      XL: |  1  2  3  4  5  6  7  8  9 10 11 12 13 14 15 16 17 18 19 20 21 22 23 24 25 26 27 |
---------------+----------------------------------------------------------------------------------+-----
Fighting       | 1 2 3 4 5 7 8 10 11 19 | 19.2
Stealth        | 4 5 27 | 27.0
Earth Magic    | 4 5 6 8 9 10 11 12 13 16 18 20 21 23 24 25 | 25.0
Conjurations   | 1 2 3 4 5 6 7 8 9 10 11 24 | 24.0
Spellcasting   | 3 4 5 6 8 9 10 11 12 13 14 15 16 17 18 19 20 21 27 | 27.0
Invocations    | 1 3 5 7 9 11 12 13 14 15 21 | 21.6
Transmutations | 3 4 |  4.0
Ice Magic      | 2 9 11 13 15 17 20 | 20.0
Necromancy     | 1 4 6 7 20 | 20.0
Evocations     | 1 4 5 7 16 | 16.7
Dodging        | 2 4 6 7 9 10 17 | 17.8
Shields        | 2 5 7 9 11 12 14 15 20 | 20.5
Fire Magic     | 6 23 | 23.0
Translocations | 5 |  5.0

Action                     |  1- 3 |  4- 6 |  7- 9 | 10-12 | 13-15 | 16-18 | 19-21 | 22-24 | 25-27 || total
---------------------------+-------+-------+-------+-------+-------+-------+-------+-------+-------++-------
  Melee: Staff             |       |     6 |       |    13 |    34 |       |     5 |    21 |   177 ||   256
         Spear             |       |       |    31 |       |       |       |       |       |       ||    31
         Constrict         |       |       |       |       |    11 |     5 |    12 |     9 |    51 ||    88
         Falchion          |       |       |       |       |     1 |    16 |    51 |    14 |       ||    82
         Punch             |       |       |       |       |       |     1 |       |       |       ||     1
         Morningstar       |       |       |       |       |       |       |       |    25 |    83 ||   108
         Headbutt          |       |       |       |       |       |       |       |       |    15 ||    15
   Cast: Sandblast         |    43 |    74 |   116 |   296 |    96 |       |       |       |       ||   625
         Passwall          |       |     2 |       |       |       |       |       |     1 |       ||     3
         Stone Arrow       |       |       |    31 |    34 |   130 |     4 |       |       |       ||   199
         Brom's Barrelling |       |       |     1 |    31 |     6 |     1 |       |       |       ||    39
         Petrify           |       |       |       |     5 |       |       |       |       |       ||     5
         Ozocubu's Armour  |       |       |       |     3 |     3 |       |     1 |       |     2 ||     9
         Frozen Ramparts   |       |       |       |     3 |     1 |       |       |       |       ||     4
         Ozocubu's Refrige |       |       |       |       |   255 |   494 |   500 |   339 |   184 ||  1772
         Simulacrum        |       |       |       |       |     1 |    20 |    27 |    13 |       ||    61
         Dispel Undead     |       |       |       |       |       |    27 |     4 |    68 |     1 ||   100
         Bombard           |       |       |       |       |       |     8 |    39 |    54 |    66 ||   167
         Lee's Rapid Decon |       |       |       |       |       |     3 |    22 |    18 |       ||    43
         Borgnjor's Vile C |       |       |       |       |       |       |    12 |    45 |    46 ||   103
         Irradiate         |       |       |       |       |       |       |       |     1 |    40 ||    41
         Shatter           |       |       |       |       |       |       |       |   117 |  1428 ||  1545
         Sublimation of Bl |       |       |       |       |       |       |       |       |   110 ||   110
         Fire Storm        |       |       |       |       |       |       |       |       |   273 ||   273
         Polar Vortex      |       |       |       |       |       |       |       |       |    72 ||    72
         Ignition          |       |       |       |       |       |       |       |       |    55 ||    55
         Death's Door      |       |       |       |       |       |       |       |       |     4 ||     4
 Invoke: Slouch            |       |       |       |     1 |       |     4 |     5 |     5 |    10 ||    25
         Step From Time    |       |       |       |       |       |       |     1 |     2 |     1 ||     4
Ability: Spit Poison       |    24 |    22 |    16 |    14 |     1 |       |       |       |       ||    77
  Evoke: Wand              |       |     8 |     7 |     7 |     8 |     1 |     4 |       |    21 ||    56
         Sack of spiders   |       |       |       |       |     2 |     1 |     3 |       |     6 ||    12
         Lightning rod     |       |       |       |       |       |       |     4 |     3 |       ||     7
         Phantom mirror    |       |       |       |       |       |       |       |       |     5 ||     5
         Tin of tremorston |       |       |       |       |       |       |       |       |     4 ||     4
         Horn of Geryon    |       |       |       |       |       |       |       |       |     3 ||     3
    Use: Scroll            |       |     6 |     5 |    16 |     8 |    15 |     8 |     3 |    39 ||   100
         Potion            |       |       |     1 |     2 |     2 |     1 |     1 |     2 |    36 ||    45
   Stab: Distracted        |       |       |       |       |     1 |       |       |     1 |     1 ||     3
         Invisible         |       |       |       |       |       |       |     1 |       |     2 ||     3
 Armour: Robe              |     4 |    45 |    40 |       |    32 |    97 |    84 |   204 |   721 ||  1227
         Troll leather arm |       |       |       |   239 |   131 |     8 |       |       |       ||   378
         Skin              |       |       |       |       |       |       |       |    10 |    25 ||    35
  Dodge: Dodged            |     3 |    41 |    25 |   137 |   108 |   154 |    98 |   244 |   924 ||  1734
  Block: Kite shield       |       |       |       |       |       |       |    95 |   283 |  1168 ||  1546
         Reflection        |       |       |       |       |       |       |    19 |    25 |    35 ||    79

Table legend: (Time is in decaauts)
 A = Elapsed time spent in this place.
 B = Non-inter-level travel time spent in this place.
 C = Inter-level travel time spent in this place.
 D = Time resting spent in this place.
 E = Time spent auto-exploring this place.
 F = Levels seen in this place.
 G = Mean time per level.
                   A        B        C        D        E       F      G
               +--------+--------+--------+--------+--------+-----+--------+
         Total | 229300 | 206932 |  22368 |  15209 | 159261 | 131 | 1750.4 |
       Dungeon |  43246 |  36316 |   6930 |    876 |  30211 |  15 | 2883.1 |
          Lair |  16744 |  14808 |   1936 |   1136 |  11535 |   5 | 3348.8 |
         Swamp |   8886 |   8491 |    395 |      0 |   7729 |   4 | 2221.5 |
   Spider Nest |  13802 |  13308 |    494 |    538 |  11474 |   4 | 3450.5 |
    Slime Pits |   3237 |   2782 |    455 |    859 |   1220 |   5 |  647.4 |
  Orcish Mines |   6663 |   5122 |   1541 |    132 |   4385 |   2 | 3331.5 |
   Elven Halls |  15078 |  14272 |    806 |     52 |  13198 |   3 | 5026.0 |
        Vaults |  23403 |  20632 |   2771 |    862 |  17741 |   5 | 4680.6 |
         Crypt |  10520 |   9799 |    721 |   1344 |   6817 |   3 | 3506.7 |
          Tomb |   6324 |   5901 |    423 |    873 |   4060 |   3 | 2108.0 |
        Depths |  17993 |  15136 |   2857 |   2044 |  11391 |   4 | 4498.2 |
          Hell |   2418 |   1714 |    704 |    432 |   1133 |   1 | 2418.0 |
           Dis |   6347 |   6178 |    169 |    648 |   4576 |   7 |  906.7 |
       Gehenna |   6433 |   6134 |    299 |    393 |   4811 |   7 |  919.0 |
       Cocytus |   5458 |   5176 |    282 |    961 |   3283 |   7 |  779.7 |
      Tartarus |   5013 |   4829 |    184 |    612 |   3308 |   7 |  716.1 |
           Zot |  17740 |  16348 |   1392 |   2242 |  12041 |   5 | 3548.0 |
         Abyss |   1242 |   1242 |      0 |      5 |    756 |   4 |  310.5 |
   Pandemonium |   7354 |   7354 |      0 |    521 |   2702 |  15 |  490.3 |
      Ziggurat |   5717 |   5717 |      0 |    256 |   3469 |  20 |  285.9 |
       Ossuary |    481 |    481 |      0 |      0 |    262 |   1 |  481.0 |
        Bailey |   1168 |   1168 |      0 |      3 |    662 |   1 | 1168.0 |
      Ice Cave |   1744 |   1744 |      0 |    199 |   1047 |   1 | 1744.0 |
       Volcano |   1075 |   1075 |      0 |      0 |    891 |   1 | 1075.0 |
        Wizlab |   1205 |   1205 |      0 |    218 |    550 |   1 | 1205.0 |
               +--------+--------+--------+--------+--------+-----+--------+

Top non-repeatable levels by time:
   Elf:3: 7519 daAuts
Vaults:2: 6158 daAuts
Depths:1: 5827 daAuts
 Crypt:3: 5515 daAuts
Vaults:4: 5415 daAuts
Depths:4: 5113 daAuts
   Zot:5: 5095 daAuts
    D:11: 5038 daAuts
   Elf:1: 4937 daAuts
   Geh:7: 4854 daAuts
    D:15: 4818 daAuts
   Dis:7: 4770 daAuts
    D:14: 4766 daAuts
Vaults:1: 4479 daAuts
  Lair:5: 4465 daAuts
